Workbook

Sheet Índice
A2: Índice
A4: CUADROS RESUMEN
A6: ATR-R1 | B6: Accidentes de trabajo
A8: ACCIDENTES DE TRABAJO CON BAJA, EN JORNADA E IN ITINERE, SEGÚN GRAVEDAD. ÍNDICES DE INCIDENCIA
A10: ATR-R1 | B10: Accidetes de trabajo con baja
A11: ATR-A2.2 | B11: Accidentes en jornada de trabajo: Por sector, sección y división de actividad económica. Total
A12: ATR-I2.1 | B12: Índices de Incidencia por por sector y sección de actividad económica. Total
A13: ATR-A2.2 | B13: Accidentes en jornada de trabajo: Por sector, sección y división de actividad económica. Trabajadores por cuenta propia
A14: ATR-I2.2 | B14: Índices de Incidencia por por sector y sección de actividad económica. Asalariados
A15: ATR-A2.3 | B15: Accidentes en jornada de trabajo: Por sector, sección y división de actividad económica. Asalariados
A16: ATR-I2.3 | B16: Índices de Incidencia por por sector y sección de actividad económica. Trabajadores por cuenta propia
A17: ATR-A2_II | B17: Accidentes In Intinere: Por sector, sección y división de actividad económica
A18: ATR-A3 | B18: Accidentes en jornada de trabajo: Por sexo y edad del trabajador accidentado
A19: ATR-A3_II | B19: Accidentes In Intinere: Por sexo y edad del trabajador accidentado
A20: ATR-A4 | B20: Accidentes en jornada de trabajo: Por grandes grupos de ocupación
A21: ATR-A4_II | B21: Accidentes In Intinere: Por grandes grupos de ocupación
... A39: ATR-A13_II | B39: Accidentes In Intinere según relación laboral del accidentado
A41: ANEXOS
A43: TAS | B43: Clasificación contenida en Orden TAS/2926/2002, de 19 de noviembre
A44: CNO11 | B44: Clasifiocación Nacional de Ocupaciones
A45: FUENTES Y NOTAS EXPLICATIVAS
A47: ATR-FN | B47: Fuentes y notas explicativas

Sheet ATR-R1
A1: ACCIDENTES DE TRABAJO
A3: ATR-A1. ACCIDENTES DE TRABAJO CON BAJA | G3: Volver al índice
A6: enero 2026
C7: VALORES ABSOLUTOS | E7: VARIACIONES SOBRE IGUAL PERIODO AÑO ANTERIOR
C8: 2025 | D8: 2026 | E8: Absolutas | F8: Relativas en %
A9: ACCIDENTES QUE HAN CAUSADO BAJA EN EL PERIODO DE REFERENCIA (1)
A10: Total | C10: 423 | D10: =SUM(D11:D12) -> 362 | E10: =D10-C10 -> -61 | F10: =((D10/C10)-1) -> -0.14420804
B11: En jornada de trabajo | C11: 372 | D11: ='ATR-A2.1'!F9 -> 333 | E11: =D11-C11 -> -39 | F11: =((D11/C11)-1) -> -0.10483871
B12: In itinere | C12: 51 | D12: ='ATR-A2_II'!F9 -> 29 | E12: =D12-C12 -> -22 | F12: =((D12/C12)-1) -> -0.43137255
B14: Asalariados | C14: 353 | D14: ='ATR-A2.2'!F9 -> 313 | E14: =D14-C14 -> -40 | F14: =((D14/C14)-1) -> -0.11331445
B15: Trabajadores por cuenta propia | C15: 19 | D15: =D11-D14 -> 20 | E15: =D15-C15 -> 1 | F15: =((D15/C15)-1) -> 0.052631579
A17: ACCIDENTES EN JORNADA DE TRABAJO
A18: Gravedad
B19: Leves | C19: 371 | D19: ='ATR-A2.1'!C9 -> 331 | E19: =D19-C19 -> -40 | F19: =((D19/C19)-1) -> -0.10781671
B20: Graves | C20: 1 | D20: ='ATR-A2.1'!D9 -> 1 | E20: =D20-C20 -> 0 | F20: =((D20/C20)-1) -> 0
B21: Mortales | C21: - | D21: ='ATR-A2.1'!E9 -> 1 | E21: =D21-C21 -> #VALUE! | F21: =((D21/C21)-1) -> #VALUE!
A23: Sexo
B24: Varones | C24: 257 | D24: ='ATR-A3'!E20 -> 5 | E24: =D24-C24 -> -252 | F24: =((D24/C24)-1) -> -0.98054475
B25: Mujeres | C25: 115 | D25: ='ATR-A3'!E29 -> 38 | E25: =D25-C25 -> -77 | F25: =((D25/C25)-1) -> -0.66956522
A27: Forma o contacto que produjo la lesión
B28: Sobresfuerzo físico sobre el sistema musculoesquelético | C28: 130 | D28: 99 | E28: =D28-C28 -> -31 | F28: =((D28/C28)-1) -> -0.23846154
B29: Choque contra objeto inmóvil | C29: 88 | D29: 96 | E29: =D29-C29 -> 8 | F29: =((D29/C29)-1) -> 0.090909091
B30: Choque contra objetos en movimiento | C30: 74 | D30: 55 | E30: =D30-C30 -> -19 | F30: =((D30/C30)-1) -> -0.25675676
B31: Contacto con agente material cortante, punzante o duro | C31: 36 | D31: 44 | E31: =D31-C31 -> 8 | F31: =((D31/C31)-1) -> 0.22222222
B32: Otras causas | C32: 44 | D32: 39 | E32: =D32-C32 -> -5 | F32: =((D32/C32)-1) -> -0.11363636
A34: Sección de actividad
B35: A - Agricultura, ganadería, silvicultura y pesca | C35: 23 | D35: 18 | E35: =D35-C35 -> -5 | F35: =((D35/C35)-1) -> -0.2173913
B36: B - Industrias extractivas | C36: 1 | D36: 0 | E36: =D36-C36 -> -1 | F36: =((D36/C36)-1) -> -1
B37: C - Industria manufacturera | C37: 104 | D37: 86 | E37: =D37-C37 -> -18 | F37: =((D37/C37)-1) -> -0.17307692
B38: E - Suministro de agua, saneamiento, gestión residuos | C38: 10 | D38: 6 | E38: =D38-C38 -> -4 | F38: =((D38/C38)-1) -> -0.4
B39: F - Construcción | C39: 44 | D39: 46 | E39: =D39-C39 -> 2 | F39: =((D39/C39)-1) -> 0.045454545
B40: G - Comercio al por junior y menor; reparación de vehículos a motor | C40: 45 | D40: 28 | E40: =D40-C40 -> -17 | F40: =((D40/C40)-1) -> -0.37777778
B41: H - Transporte y almacenamiento | C41: 24 | D41: 28 | E41: =D41-C41 -> 4 | F41: =((D41/C41)-1) -> 0.16666667
B42: I - Hostelería | C42: 17 | D42: 18 | E42: =D42-C42 -> 1 | F42: =((D42/C42)-1) -> 0.058823529
B43: N - Actividades administrativas y servicios auxiliares | C43: 34 | D43: 37 | E43: =D43-C43 -> 3 | F43: =((D43/C43)-1) -> 0.088235294
B44: O - Administración Pública y defensa; Seguridad social obligatoria | C44: 18 | D44: 16 | E44: =D44-C44 -> -2 | F44: =((D44/C44)-1) -> -0.11111111
B45: Q - Actividades sanitarias y de servicios sociales | C45: 34 | D45: 37 | E45: =D45-C45 -> 3 | F45: =((D45/C45)-1) -> 0.088235294
B46: Resto de secciones de actividad (D, J, K, L, M, P, R, S, T, U) | C46: 18 | D46: =D11-SUM(D35:D45) -> 13 | E46: =D46-C46 -> -5 | F46: =((D46/C46)-1) -> -0.27777778
A48: ÍNDICES DE INCIDENCIA DE ACCIDENTES EN JORNADA DE TRABAJO
A49: Sección de actividad
B50: Total | C50: 277 | D50: 243 | E50: =D50-C50 -> -34 | F50: =((D50/C50)-1) -> -0.12274368
B51: A - Agricultura, ganadería, silvicultura y pesca | C51: 332 | D51: 258 | E51: =D51-C51 -> -74 | F51: =((D51/C51)-1) -> -0.22289157
B52: B - Industrias extractivas | C52: 862 | D52: 0 | E52: =D52-C52 -> -862 | F52: =((D52/C52)-1) -> -1
B53: C - Industria manufacturera | C53: 414 | D53: 350 | E53: =D53-C53 -> -64 | F53: =((D53/C53)-1) -> -0.15458937
B54: E - Suministro de agua, saneamiento, gestión residuos | C54: 882 | D54: 512 | E54: =D54-C54 -> -370 | F54: =((D54/C54)-1) -> -0.41950113
B55: F - Construcción | C55: 506 | D55: 524 | E55: =D55-C55 -> 18 | F55: =((D55/C55)-1) -> 0.035573123
B56: G - Comercio al por junior y menor; reparación de vehículos a motor | C56: 231 | D56: 158 | E56: =D56-C56 -> -73 | F56: =((D56/C56)-1) -> -0.31601732
B57: H - Transporte y almacenamiento | C57: 467 | D57: 237 | E57: =D57-C57 -> -230 | F57: =((D57/C57)-1) -> -0.49250535
B58: I - Hostelería | C58: 169 | D58: 172 | E58: =D58-C58 -> 3 | F58: =((D58/C58)-1) -> 0.017751479
B59: N - Actividades administrativas y servicios auxiliares | C59: 443 | D59: 465 | E59: =D59-C59 -> 22 | F59: =((D59/C59)-1) -> 0.0496614
B60: O - Administración Pública y defensa; Seguridad social obligatoria | C60: 248 | D60: 218 | E60: =D60-C60 -> -30 | F60: =((D60/C60)-1) -> -0.12096774
B61: Q - Actividades sanitarias y de servicios sociales | C61: 248 | D61: 259 | E61: =D61-C61 -> 11 | F61: =((D61/C61)-1) -> 0.044354839
A63: ACCIDENTES IN ITINERE
A64: Gravedad
B65: Leves | C65: 50 | D65: ='ATR-A2_II'!C9 -> 28 | E65: =D65-C65 -> -22 | F65: =((D65/C65)-1) -> -0.44
B66: Graves | C66: - | D66: ='ATR-A2_II'!D9 -> 1 | E66: =D66-C66 -> #VALUE! | F66: =((D66/C66)-1) -> #VALUE!
B67: Mortales | C67: 1 | D67: ='ATR-A2_II'!E9 -> 0 | E67: 0 | F67: 0
A69: Sexo
B70: Varones | C70: 26 | D70: ='ATR-A3_II'!E20 -> 13 | E70: =D70-C70 -> -13 | F70: =((D70/C70)-1) -> -0.5
B71: Mujeres | C71: 25 | D71: ='ATR-A3_II'!E29 -> 16 | E71: =D71-C71 -> -9 | F71: =((D71/C71)-1) -> -0.36
A74: (1) Se incluyen los accidentes que han causado baja en el periodo de referencia y han sido recepcionados por la Autoridad Laboral Provincial.

Sheet ATR-A2.1
A1: ACCIDENTES DE TRABAJO | E1: Volver al índice
A3: ATR-A2. ACCIDENTES DE TRABAJO CON BAJA, EN JORNADA, SEGÚN GRAVEDAD,
A4: POR SECTOR, SECCIÓN Y DIVISIÓN DE ACTIVIDAD ECONÓMICA
A6: enero 2026
C8: Leves | D8: Graves | E8: Mortales | F8: TOTAL
B9: TOTAL | C9: =SUM(C12:C15) -> 331 | D9: =SUM(D12:D15) -> 1 | E9: =SUM(E12:E15) -> 1 | F9: =SUM(F12:F15) -> 333
B11: SECTOR
B12: Agrario | C12: =SUM(C18) -> 17 | D12: =SUM(D18) -> 1 | E12: =SUM(E18) -> 0 | F12: =SUM(C12:E12) -> 18
B13: Industria | C13: =SUM(C19:C33) -> 92 | D13: =SUM(D19:D33) -> 0 | E13: =SUM(E19:E33) -> 0 | F13: =SUM(C13:E13) -> 92
B14: Construcción | C14: =SUM(C34:C36) -> 46 | D14: =SUM(D34:D36) -> 0 | E14: =SUM(E34:E36) -> 0 | F14: =SUM(C14:E14) -> 46
B15: Servicios | C15: =SUM(C37:C74) -> 176 | D15: =SUM(D37:D74) -> 0 | E15: =SUM(E37:E74) -> 1 | F15: =SUM(C15:E15) -> 177
B17: SECCIÓN Y DIVISIÓN
B18: 01 - Agricultura, ganadería, caza y servicios relacionados con las mismas | C18: 17 | D18: 1 | E18: 0 | F18: =SUM(C18:E18) -> 18
B19: 10 - Industria de la alimentación | C19: 31 | D19: 0 | E19: 0 | F19: =SUM(C19:E19) -> 31
B20: 11 - Fabricación de bebidas | C20: 6 | D20: 0 | E20: 0 | F20: =SUM(C20:E20) -> 6
B21: 15 - Industria del cuero y del calzado | C21: 6 | D21: 0 | E21: 0 | F21: =SUM(C21:E21) -> 6
B22: 16 - Industria de la madera y del corcho, excepto muebles; cestería y espartería | C22: 5 | D22: 0 | E22: 0 | F22: =SUM(C22:E22) -> 5
B23: 17 - Industria del papel | C23: 1 | D23: 0 | E23: 0 | F23: =SUM(C23:E23) -> 1
B24: 20 - Industria química | C24: 3 | D24: 0 | E24: 0 | F24: =SUM(C24:E24) -> 3
B25: 22 - Fabricación de productos de caucho y plásticos | C25: 1 | D25: 0 | E25: 0 | F25: =SUM(C25:E25) -> 1
B26: 23 - Fabricación de otros productos minerales no metálicos | C26: 3 | D26: 0 | E26: 0 | F26: =SUM(C26:E26) -> 3
B27: 25 - Fabricación de productos metálicos, excepto maquinaria y equipo | C27: 13 | D27: 0 | E27: 0 | F27: =SUM(C27:E27) -> 13
B28: 28 - Fabricación de maquinaria y equipo n.c.o.p. | C28: 3 | D28: 0 | E28: 0 | F28: =SUM(C28:E28) -> 3
B29: 29 - Fabricación de vehículos de motor, remolques y semirremolques | C29: 5 | D29: 0 | E29: 0 | F29: =SUM(C29:E29) -> 5
... B59: 97 - Actividades de los hogares como empleadores de personal doméstico | C59: 1 | D59: 0 | E59: 0 | F59: =SUM(C59:E59) -> 1
A61: Se incluyen los accidentes que han causado baja en el periodo de referencia, recepcionados por la Autoridad Laboral Provincial (véanse Fuentes y Notas Explicativas).

Sheet ATR-I2.1
A1: ACCIDENTES DE TRABAJO
A3: ATR-I2.1 ÍNDICES DE INCIDENCIA DE ACCIDENTES DE TRABAJO CON BAJA EN JORNADA
A4: POR SECTOR Y SECCIÓN DE ACTIVIDAD.TOTAL
A6: enero 2026
D7: ACCIDENTES EN JORNADA (1) | G7: AFILIADOS EN MEDIA MENSUAL (2) | I7: ÍNDICES DE INCIDENCIA (3)
D8: Total | E8: Mortales | I8: Total | J8: Mortales
B9: TOTAL | D9: =SUM(D12:D15) -> 333 | E9: =SUM(E12:E15) -> 1 | G9: 137009 | I9: =(D9/G9)*100000 -> 243.04973 | J9: =(E9/G9)*100000 -> 0.72987906
B11: SECTOR
B12: Agrario | D12: =D18 -> 18 | E12: =E18 -> 0 | F12: =F18 -> 0 | G12: 6988 | I12: =(D12/G12)*100000 -> 257.58443 | J12: =+N25 -> 0
B13: Industria | D13: =SUM(D19:D20) -> 92 | E13: =SUM(E19:E20) -> 0 | F13: =SUM(F19:F22) -> 0 | G13: 26040 | I13: =(D13/G13)*100000 -> 353.30261 | J13: =(E13/G13)*100000 -> 0
B14: Construcción | D14: =D21 -> 46 | E14: =E21 -> 0 | F14: =F23 -> 0 | G14: 8775 | I14: =(D14/G14)*100000 -> 524.21652 | J14: =(E14/G14)*100000 -> 0
B15: Servicios | D15: =SUM(D22:D32) -> 177 | E15: =SUM(E22:E32) -> 1 | F15: =SUM(F24:F32) -> 0 | G15: 95206 | I15: =(D15/G15)*100000 -> 185.91265 | J15: =(E15/G15)*100000 -> 1.050354
B17: SECCIÓN
B18: A. Agricultura, Ganadería, Caza y Silvicultura | D18: 18 | E18: 0 | G18: 6988 | H18: 257.6 | I18: 257.6 | J18: =(E18/G18)*100000 -> 0
B19: C. Industria Manufacturera | D19: 86 | E19: 0 | G19: 24566 | H19: 350.1 | I19: 350.1 | J19: =(E19/G19)*100000 -> 0
B20: E. Suministro de agua, actividades de sanea-miento, gestión de residuos y descontaminación | D20: 6 | E20: 0 | G20: 1171 | H20: 512.4 | I20: 512.4 | J20: =(E20/G20)*100000 -> 0
B21: F. Construcción | D21: 46 | E21: 0 | G21: 8775 | H21: 524.2 | I21: 524.2 | J21: =(E21/G21)*100000 -> 0
B22: G. Comercio al por mayor y al por menor; reparación de vehículos de motor | D22: 28 | E22: 0 | G22: 17750 | H22: 157.7 | I22: 157.7 | J22: =(E22/G22)*100000 -> 0
B23: H. Transporte y almacenamiento | D23: 13 | E23: 0 | G23: 5476 | H23: 237.4 | I23: 237.4 | J23: =(E23/G23)*100000 -> 0
B24: I. Hostelería | D24: 18 | E24: 0 | G24: 10415 | H24: 172.8 | I24: 172.8 | J24: =(E24/G24)*100000 -> 0
B25: M. Activ. profesionales, científicas y técnicas | D25: 1 | E25: 0 | G25: 5206 | H25: 19.2 | I25: 19.2 | J25: =(E25/G25)*100000 -> 0
B26: N. Activ. administrativas y servicios auxiliares | D26: 37 | E26: 1 | G26: 7963 | H26: 464.6 | I26: 464.6 | J26: =(E26/G26)*100000 -> 12.558081
B27: O. Admón Pública y defensa; Seg. Social obligatoria | D27: 16 | E27: 0 | G27: 7343 | H27: 217.9 | I27: 217.9 | J27: =(E27/G27)*100000 -> 0
B28: P. Educación | D28: 6 | E28: 0 | G28: 12072 | H28: 49.7 | I28: 49.7 | J28: =(E28/G28)*100000 -> 0
B29: Q. Actividades sanitarias y de servicios sociales | D29: 37 | E29: 0 | G29: 14308 | H29: 258.6 | I29: 258.6 | J29: =(E29/G29)*100000 -> 0
... B32: T. Activ. de hogares como empleadores de personal doméstico, como productores de bienes y como servicios para uso propio | D32: 1 | E32: 0 | G32: 2254 | H32: 44.4 | I32: 44.4 | J32: =(E32/G32)*100000 -> 0
A34: (2) Media del dato de afiliados a último día de mes que tienen cubiertas las contingencias profesionales (véanse Fuentes y Notas explicativas).
A35: (3) Indices calculados utilizando, en el numerador, la media mensual de los accidentes con baja en jornada de trabajo del período considerado, multiplicado por cien mil y, en el denominador, la media mensual de los afiliados a la Seguridad Social con la contingencia de accidente cubierta en dicho período. (Véanse Fuentes y Notas Explicativas).

Sheet ATR-A2.2
A1: ACCIDENTES DE TRABAJO | E1: Volver al índice
A3: ATR-A2. ACCIDENTES DE TRABAJO CON BAJA, EN JORNADA, SEGÚN GRAVEDAD,
A4: POR SECTOR, SECCIÓN Y DIVISIÓN DE ACTIVIDAD ECONÓMICA. ASALARIADOS.
A6: enero 2026
C8: Leves | D8: Graves | E8: Mortales | F8: TOTAL
B9: TOTAL | C9: =SUM(C12:C15) -> 311 | D9: =SUM(D12:D15) -> 1 | E9: =SUM(E12:E15) -> 1 | F9: =SUM(F12:F15) -> 313
B11: SECTOR
B12: Agrario | C12: =SUM(C18) -> 13 | D12: =SUM(D18) -> 1 | E12: =SUM(E18) -> 0 | F12: =SUM(C12:E12) -> 14
B13: Industria | C13: =SUM(C19:C33) -> 88 | D13: =SUM(D19:D33) -> 0 | E13: =SUM(E19:E33) -> 0 | F13: =SUM(C13:E13) -> 88
B14: Construcción | C14: =SUM(C34:C36) -> 42 | D14: =SUM(D34:D36) -> 0 | E14: =SUM(E34:E36) -> 0 | F14: =SUM(C14:E14) -> 42
B15: Servicios | C15: =SUM(C37:C73) -> 168 | D15: =SUM(D37:D73) -> 0 | E15: =SUM(E37:E73) -> 1 | F15: =SUM(C15:E15) -> 169
B17: SECCIÓN Y DIVISIÓN
B18: 01 - Agricultura, ganadería, caza y servicios relacionados con las mismas | C18: 13 | D18: 1 | E18: 0 | F18: =SUM(C18:E18) -> 14
B19: 10 - Industria de la alimentación | C19: 31 | D19: 0 | E19: 0 | F19: =SUM(C19:E19) -> 31
B20: 11 - Fabricación de bebidas | C20: 6 | D20: 0 | E20: 0 | F20: =SUM(C20:E20) -> 6
B21: 15 - Industria del cuero y del calzado | C21: 5 | D21: 0 | E21: 0 | F21: =SUM(C21:E21) -> 5
B22: 16 - Industria de la madera y del corcho, excepto muebles; cestería y espartería | C22: 5 | D22: 0 | E22: 0 | F22: =SUM(C22:E22) -> 5
B23: 17 - Industria del papel | C23: 1 | D23: 0 | E23: 0 | F23: =SUM(C23:E23) -> 1
B24: 20 - Industria química | C24: 3 | D24: 0 | E24: 0 | F24: =SUM(C24:E24) -> 3
B25: 22 - Fabricación de productos de caucho y plásticos | C25: 1 | D25: 0 | E25: 0 | F25: =SUM(C25:E25) -> 1
B26: 23 - Fabricación de otros productos minerales no metálicos | C26: 3 | D26: 0 | E26: 0 | F26: =SUM(C26:E26) -> 3
B27: 25 - Fabricación de productos metálicos, excepto maquinaria y equipo | C27: 12 | D27: 0 | E27: 0 | F27: =SUM(C27:E27) -> 12
B28: 28 - Fabricación de maquinaria y equipo n.c.o.p. | C28: 3 | D28: 0 | E28: 0 | F28: =SUM(C28:E28) -> 3
B29: 29 - Fabricación de vehículos de motor, remolques y semirremolques | C29: 5 | D29: 0 | E29: 0 | F29: =SUM(C29:E29) -> 5
... B58: 97 - Actividades de los hogares como empleadores de personal doméstico | C58: 1 | D58: 0 | E58: 0 | F58: =SUM(C58:E58) -> 1
A60: Se incluyen los accidentes que han causado baja en el periodo de referencia, recepcionados por la Autoridad Laboral Provincial (véanse Fuentes y Notas Explicativas).

Sheet ATR-I2.2
A1: ACCIDENTES DE TRABAJO
A3: ATR-I2.2 ÍNDICES DE INCIDENCIA DE ACCIDENTES DE TRABAJO CON BAJA EN JORNADA
A4: POR SECTOR Y SECCIÓN DE ACTIVIDAD.ASALARIADOS
A6: enero 2026
D7: ACCIDENTES EN JORNADA (1) | G7: AFILIADOS EN MEDIA MENSUAL (2) | I7: ÍNDICES DE INCIDENCIA (3)
D8: Total | E8: Mortales | I8: Total | J8: Mortales
B9: TOTAL | D9: =SUM(D12:D15) -> 313 | E9: =SUM(E12:E15) -> 1 | G9: =SUM(G12:G15) -> 113885 | I9: =(D9/G9)*100000 -> 274.83865 | J9: =(E9/G9)*100000 -> 0.87807876
B11: SECTOR
B12: Agrario | D12: =D18 -> 14 | E12: =E18 -> 0 | G12: 4220 | I12: =(D12/G12)*100000 -> 331.75355 | J12: =(E12/G12)*100000 -> 0
B13: Industria | D13: =SUM(D19:D20) -> 88 | E13: =SUM(E19:E20) -> 0 | G13: 24173 | I13: =(D13/G13)*100000 -> 364.04253 | J13: =(E13/G13)*100000 -> 0
B14: Construcción | D14: =D21 -> 42 | E14: =E21 -> 0 | G14: 5887 | I14: =(D14/G14)*100000 -> 713.43639 | J14: =(E14/G14)*100000 -> 0
B15: Servicios | D15: =SUM(D22:D32) -> 169 | E15: =SUM(E22:E32) -> 1 | G15: 79605 | I15: =(D15/G15)*100000 -> 212.29822 | J15: =(E15/G15)*100000 -> 1.2562025
B17: SECCIÓN
B18: A. Agricultura, Ganadería, Caza y Silvicultura | D18: 14 | E18: 0 | G18: 4220 | H18: 331.8 | I18: =(D18/G18)*100000 -> 331.75355 | J18: 0
B19: C. Industria Manufacturera | D19: 83 | E19: 0 | G19: 22747 | H19: 364.9 | I19: =(D19/G19)*100000 -> 364.88328 | J19: 0
B20: E. Suministro de agua, actividades de sanea-miento, gestión de residuos y descontaminación | D20: 5 | E20: 0 | G20: 1147 | H20: 435.9 | I20: =(D20/G20)*100000 -> 435.91979 | J20: 0
B21: F. Construcción | D21: 42 | E21: 0 | G21: 5887 | H21: 713.4 | I21: =(D21/G21)*100000 -> 713.43639 | J21: 0
B22: G. Comercio al por mayor y al por menor; reparación de vehículos de motor | D22: 27 | E22: 0 | G22: 13289 | H22: 203.2 | I22: =(D22/G22)*100000 -> 203.17556 | J22: 0
B23: H. Transporte y almacenamiento | D23: 11 | E23: 0 | G23: 4380 | H23: 251.1 | I23: =(D23/G23)*100000 -> 251.14155 | J23: 0
B24: I. Hostelería | D24: 15 | E24: 0 | G24: 7897 | H24: 189.9 | I24: =(D24/G24)*100000 -> 189.94555 | J24: 0
B25: M. Activ. profesionales, científicas y técnicas | D25: 1 | E25: 0 | G25: 3231 | H25: 31 | I25: =(D25/G25)*100000 -> 30.95017 | J25: 0
B26: N. Activ. administrativas y servicios auxiliares | D26: 36 | E26: 1 | G26: 7296 | H26: 493.4 | I26: =(D26/G26)*100000 -> 493.42105 | J26: 13.7
B27: O. Admón Pública y defensa; Seg. Social obligatoria | D27: 16 | E27: 0 | G27: 7317 | H27: 218.7 | I27: =(D27/G27)*100000 -> 218.66885 | J27: 0
B28: P. Educación | D28: 6 | E28: 0 | G28: 11308 | H28: 53.1 | I28: =(D28/G28)*100000 -> 53.059781 | J28: 0
B29: Q. Actividades sanitarias y de servicios sociales | D29: 37 | E29: 0 | G29: 13574 | H29: 272.6 | I29: =(D29/G29)*100000 -> 272.57993 | J29: 0
... B32: T. Activ. de hogares como empleadores de personal doméstico, como productores de bienes y como servicios para uso propio | D32: 1 | E32: 0 | G32: 2254 | H32: 44.4 | I32: =(D32/G32)*100000 -> 44.365572 | J32: 0
A33: (2) Media del dato de afiliados a último día de mes que tienen cubiertas las contingencias profesionales (véanse Fuentes y Notas explicativas).
A34: (3) Indices calculados utilizando, en el numerador, la media mensual de los accidentes con baja en jornada de trabajo del período considerado, multiplicado por cien mil y, en el denominador, la media mensual de los afiliados a la Seguridad Social con la contingencia de accidente cubierta en dicho período. (Véanse Fuentes y Notas Explicativas).

Sheet ATR-A2.3
A1: ACCIDENTES DE TRABAJO | E1: Volver al índice
A3: ATR-A2. ACCIDENTES DE TRABAJO CON BAJA, EN JORNADA, SEGÚN GRAVEDAD,
A4: POR SECTOR, SECCIÓN Y DIVISIÓN DE ACTIVIDAD ECONÓMICA. TRABAJADORES POR CUENTA PROPIA.
A6: enero 2026
C8: Leves | D8: Graves | E8: Mortales | F8: TOTAL
B9: TOTAL | C9: =SUM(C12:C15) -> 20 | D9: =SUM(D12:D15) -> 0 | E9: =SUM(E12:E15) -> 0 | F9: =SUM(F12:F15) -> 20
B11: SECTOR
B12: Agrario | C12: =C18 -> 4 | D12: =D18 -> 0 | E12: =E18 -> 0 | F12: =SUM(C12:E12) -> 4
B13: Industria | C13: =SUM(C19:C22) -> 4 | D13: =SUM(D19:D22) -> 0 | E13: =SUM(E19:E22) -> 0 | F13: =SUM(C13:E13) -> 4
B14: Construcción | C14: =SUM(C23:C24) -> 4 | D14: =SUM(D23:D24) -> 0 | E14: =SUM(E23:E24) -> 0 | F14: =SUM(C14:E14) -> 4
B15: Servicios | C15: =SUM(C25:C29) -> 8 | D15: =SUM(D25:D29) -> 0 | E15: =SUM(E25:E29) -> 0 | F15: =SUM(C15:E15) -> 8
B17: SECCIÓN Y DIVISIÓN
B18: 01 - Agricultura, ganadería, caza y servicios relacionados con las mismas | C18: 4 | D18: 0 | E18: 0 | F18: =SUM(C18:E18) -> 4
B19: 15 - Industria del cuero y del calzado | C19: 1 | D19: 0 | E19: 0 | F19: =SUM(C19:E19) -> 1
B20: 25 - Fabricación de productos metálicos, excepto maquinaria y equipo | C20: 1 | D20: 0 | E20: 0 | F20: =SUM(C20:E20) -> 1
B21: 31 - Fabricación de muebles | C21: 1 | D21: 0 | E21: 0 | F21: =SUM(C21:E21) -> 1
B22: 38 - Recogida, tratamiento y eliminación de residuos; valorización | C22: 1 | D22: 0 | E22: 0 | F22: =SUM(C22:E22) -> 1
B23: 41 - Construcción de edificios | C23: 1 | D23: 0 | E23: 0 | F23: =SUM(C23:E23) -> 1
B24: 43 - Actividades de construcción especializada | C24: 3 | D24: 0 | E24: 0 | F24: =SUM(C24:E24) -> 3
B25: 46 - Comercio al por mayor e intermediarios del comercio, excepto de vehículos de motor y motocicletas | C25: 1 | D25: 0 | E25: 0 | F25: =SUM(C25:E25) -> 1
B26: 49 - Transporte terrestre y por tubería | C26: 2 | D26: 0 | E26: 0 | F26: =SUM(C26:E26) -> 2
B27: 56 - Servicios de comidas y bebidas | C27: 3 | D27: 0 | E27: 0 | F27: =SUM(C27:E27) -> 3
B28: 81 - Servicios a edificios y actividades de jardinería | C28: 1 | D28: 0 | E28: 0 | F28: =SUM(C28:E28) -> 1
B29: 96 - Otros servicios personales | C29: 1 | D29: 0 | E29: 0 | F29: =SUM(C29:E29) -> 1
A31: Se incluyen los accidentes que han causado baja en el periodo de referencia, recepcionados por la Autoridad Laboral Provincial (véanse Fuentes y Notas Explicativas).

Sheet ATR-I2.3
A1: ACCIDENTES DE TRABAJO
A3: ATR-I2.3 ÍNDICES DE INCIDENCIA DE ACCIDENTES DE TRABAJO CON BAJA EN JORNADA
A4: POR SECTOR Y SECCIÓN DE ACTIVIDAD.TRABAJADORES POR CUENTA PROPIA
A6: enero 2026
D7: ACCIDENTES EN JORNADA (1) | G7: AFILIADOS EN MEDIA MESUAL (2) | I7: ÍNDICES DE INCIDENCIA (3)
D8: Total | E8: Mortales | I8: Total | J8: Mortales
B9: TOTAL | D9: =SUM(D12:D15) -> 20 | E9: =SUM(E12:E15) -> 0 | G9: 23124 | I9: =(D9/G9)*100000 -> 86.490227 | J9: =(E9/G9)*100000 -> 0
B11: SECTOR
B12: Agrario | D12: =D18 -> 4 | E12: =E18 -> 0 | G12: 2768 | I12: =(D12/G12)*100000 -> 144.50867 | J12: =(E12/G12)*100000 -> 0
B13: Industria | D13: =SUM(D19:D20) -> 4 | E13: =SUM(E19:E20) -> 0 | G13: 1867 | I13: =(D13/G13)*100000 -> 214.24746 | J13: =(E13/G13)*100000 -> 0
B14: Construcción | D14: =D21 -> 4 | E14: =E21 -> 0 | G14: 2888 | I14: =(D14/G14)*100000 -> 138.50416 | J14: =(E14/G14)*100000 -> 0
B15: Servicios | D15: =SUM(D22:D26) -> 8 | E15: =SUM(E22:E26) -> 0 | G15: 15601 | I15: =(D15/G15)*100000 -> 51.278764 | J15: =(E15/G15)*100000 -> 0
B17: SECCIÓN
B18: A. Agricultura, Ganadería, Caza y Silvicultura | D18: 4 | E18: 0 | G18: 2768 | H18: 144.5 | I18: =(D18/G18)*100000 -> 144.50867 | J18: =(E18/G18)*100000 -> 0
B19: C. Industria Manufacturera | D19: 3 | E19: 0 | G19: 1819 | H19: 164.9 | I19: =(D19/G19)*100000 -> 164.92578 | J19: =(E19/G19)*100000 -> 0
B20: E. Suministro de agua, actividades de sanea-miento, gestión de residuos y descontaminación | D20: 1 | E20: 0 | G20: 24 | H20: 4166.7 | I20: =(D20/G20)*100000 -> 4166.6667 | J20: =(E20/G20)*100000 -> 0
B21: F. Construcción | D21: 4 | E21: 0 | G21: 2888 | H21: 138.5 | I21: =(D21/G21)*100000 -> 138.50416 | J21: =(E21/G21)*100000 -> 0
B22: G. Comercio al por mayor y al por menor; reparación de vehículos de motor | D22: 1 | E22: 0 | G22: 4461 | H22: 22.4 | I22: =(D22/G22)*100000 -> 22.416499 | J22: =(E22/G22)*100000 -> 0
B23: H. Transporte y almacenamiento | D23: 2 | E23: 0 | G23: 1096 | H23: 182.5 | I23: =(D23/G23)*100000 -> 182.48175 | J23: =(E23/G23)*100000 -> 0
B24: I. Hostelería | D24: 3 | E24: 0 | G24: 2518 | H24: 119.1 | I24: =(D24/G24)*100000 -> 119.14218 | J24: =(E24/G24)*100000 -> 0
B25: N. Activ. administrativas y servicios auxiliares | D25: 1 | E25: 0 | G25: 667 | H25: 149.9 | I25: =(D25/G25)*100000 -> 149.92504 | J25: =(E25/G25)*100000 -> 0
B26: S. Otros servicios | D26: 1 | E26: 0 | G26: 1804 | H26: 55.4 | I26: =(D26/G26)*100000 -> 55.432373 | J26: =(E26/G26)*100000 -> 0
A28: (2) Media del dato de afiliados a último día de mes que tienen cubiertas las contingencias profesionales (véanse Fuentes y Notas explicativas).
A29: (3) Indices calculados utilizando, en el numerador, la media mensual de los accidentes con baja en jornada de trabajo del período considerado, multiplicado por cien mil y, en el denominador, la media mensual de los afiliados a la Seguridad Social con la contingencia de accidente cubierta en dicho período. (Véanse Fuentes y Notas Explicativas).

Sheet ATR-A2_II
A1: ACCIDENTES DE TRABAJO | E1: Volver al índice
A3: ATR-A2_II. ACCIDENTES DE TRABAJO CON BAJA, IN ITINERE, SEGÚN GRAVEDAD,
A4: POR SECTOR, SECCIÓN Y DIVISIÓN DE ACTIVIDAD ECONÓMICA
A6: enero 2026
C8: Leves | D8: Graves | E8: Mortales | F8: TOTAL
B9: TOTAL | C9: =SUM(C12:C15) -> 28 | D9: =SUM(D12:D15) -> 1 | E9: =SUM(E12:E15) -> 0 | F9: =SUM(C9:E9) -> 29
B11: SECTOR
B12: Agrario | C12: =SUM(C18) -> 1 | D12: =SUM(D18) -> 0 | E12: =SUM(E18) -> 0 | F12: =SUM(C12:E12) -> 1
B13: Industria | C13: =SUM(C19:C23) -> 6 | D13: =SUM(D19:D23) -> 0 | E13: =SUM(E19:E23) -> 0 | F13: =SUM(C13:E13) -> 6
B14: Construcción | C14: =SUM(C24) -> 1 | D14: =SUM(D24) -> 0 | E14: =SUM(E24) -> 0 | F14: =SUM(C14:E14) -> 1
B15: Servicios | C15: =SUM(C25:C60) -> 20 | D15: =SUM(D25:D60) -> 1 | E15: =SUM(E25:E60) -> 0 | F15: =SUM(C15:E15) -> 21
B17: SECCIÓN Y DIVISIÓN
B18: 01 - Agricultura, ganadería, caza y servicios relacionados con las mismas | C18: 1 | D18: 0 | E18: 0 | F18: =SUM(C18:E18) -> 1
B19: 11 - Fabricación de bebidas | C19: 2 | D19: 0 | E19: 0 | F19: =SUM(C19:E19) -> 2
B20: 16 - Industria de la madera y del corcho, excepto muebles; cestería y espartería | C20: 1 | D20: 0 | E20: 0 | F20: =SUM(C20:E20) -> 1
B21: 18 - Artes gráficas y reproducción de soportes grabados | C21: 1 | D21: 0 | E21: 0 | F21: =SUM(C21:E21) -> 1
B22: 22 - Fabricación de productos de caucho y plásticos | C22: 1 | D22: 0 | E22: 0 | F22: =SUM(C22:E22) -> 1
B23: 23 - Fabricación de otros productos minerales no metálicos | C23: 1 | D23: 0 | E23: 0 | F23: =SUM(C23:E23) -> 1
B24: 43 - Actividades de construcción especializada | C24: 1 | D24: 0 | E24: 0 | F24: =SUM(C24:E24) -> 1
B25: 47 - Comercio al por menor, excepto de vehículos de motor y motocicletas | C25: 1 | D25: 1 | E25: 0 | F25: =SUM(C25:E25) -> 2
B26: 52 - Almacenamiento y actividades anexas al transporte | C26: 1 | D26: 0 | E26: 0 | F26: =SUM(C26:E26) -> 1
B27: 55 - Servicios de alojamiento | C27: 1 | D27: 0 | E27: 0 | F27: =SUM(C27:E27) -> 1
B28: 56 - Servicios de comidas y bebidas | C28: 1 | D28: 0 | E28: 0 | F28: =SUM(C28:E28) -> 1
B29: 78 - Actividades relacionadas con el empleo | C29: 2 | D29: 0 | E29: 0 | F29: =SUM(C29:E29) -> 2
... B35: 93 - Actividades deportivas, recreativas y de entretenimiento | C35: 1 | D35: 0 | E35: 0 | F35: =SUM(C35:E35) -> 1
A36: Se incluyen los accidentes que han causado baja en el periodo de referencia, recepcionados por la Autoridad Laboral Provincial (véanse Fuentes y Notas Explicativas).

Sheet ATR-A3
A1: ACCIDENTES DE TRABAJO | G1: Volver al índice
A3: ATR-A3. ACCIDENTES DE TRABAJO CON BAJA, EN JORNADA, SEGÚN GRAVEDAD,
A4: POR SEXO Y EDAD DEL TRABAJADOR ACCIDENTADO
A6: enero 2026
B8: Leves | C8: Graves | D8: Mortales | E8: TOTAL
A9: TOTAL | B9: =B22+B35 -> 331 | C9: =C22+C35 -> 1 | D9: =D22+D35 -> 1 | E9: =E22+E35 -> 333
A10: De 16 a 19 | B10: =B23+B36 -> 3 | C10: =C23+C36 -> 0 | D10: =D23+D36 -> 0 | E10: =E23+E36 -> 3
A11: De 20 a 24 | B11: =B24+B37 -> 24 | C11: =C24+C37 -> 0 | D11: =D24+D37 -> 0 | E11: =E24+E37 -> 24
A12: De 25 a 29 | B12: =B25+B38 -> 26 | C12: =C25+C38 -> 0 | D12: =D25+D38 -> 0 | E12: =E25+E38 -> 26
A13: De 30 a 34 | B13: =B26+B39 -> 26 | C13: =C26+C39 -> 0 | D13: =D26+D39 -> 0 | E13: =E26+E39 -> 26
A14: De 35 a 39 | B14: =B27+B40 -> 42 | C14: =C27+C40 -> 1 | D14: =D27+D40 -> 0 | E14: =E27+E40 -> 43
A15: De 40 a 44 | B15: =B28+B41 -> 46 | C15: =C28+C41 -> 0 | D15: =D28+D41 -> 0 | E15: =E28+E41 -> 46
A16: De 45 a 49 | B16: =B29+B42 -> 61 | C16: =C29+C42 -> 0 | D16: =D29+D42 -> 0 | E16: =E29+E42 -> 61
A17: De 50 a 54 | B17: =B30+B43 -> 39 | C17: =C30+C43 -> 0 | D17: =D30+D43 -> 0 | E17: =E30+E43 -> 39
A18: De 55 a 59 | B18: =B31+B44 -> 37 | C18: =C31+C44 -> 0 | D18: =D31+D44 -> 0 | E18: =E31+E44 -> 37
A19: De 60 a 64 | B19: =B32+B45 -> 22 | C19: =C32+C45 -> 0 | D19: =D32+D45 -> 1 | E19: =E32+E45 -> 23
A20: 65 o más años | B20: =B33+B46 -> 5 | C20: =C33+C46 -> 0 | D20: =D33+D46 -> 0 | E20: =E33+E46 -> 5
A22: VARONES | B22: =SUM(B23:B33) -> 213 | C22: =SUM(C23:C33) -> 1 | D22: =SUM(D23:D33) -> 1 | E22: =SUM(E23:E33) -> 215
A23: De 16 a 19 años | B23: 2 | C23: 0 | D23: 0 | E23: =SUM(B23:D23) -> 2
A24: De 20 a 24 años | B24: 19 | C24: 0 | D24: 0 | E24: =SUM(B24:D24) -> 19
A25: De 25 a 29 años | B25: 18 | C25: 0 | D25: 0 | E25: =SUM(B25:D25) -> 18
A26: De 30 a 34 años | B26: 19 | C26: 0 | D26: 0 | E26: =SUM(B26:D26) -> 19
A27: De 35 a 39 años | B27: 30 | C27: 1 | D27: 0 | E27: =SUM(B27:D27) -> 31
A28: De 40 a 44 años | B28: 32 | C28: 0 | D28: 0 | E28: =SUM(B28:D28) -> 32
A29: De 45 a 49 años | B29: 38 | C29: 0 | D29: 0 | E29: =SUM(B29:D29) -> 38
A30: De 50 a 54 años | B30: 20 | C30: 0 | D30: 0 | E30: =SUM(B30:D30) -> 20
A31: De 55 a 59 años | B31: 18 | C31: 0 | D31: 0 | E31: =SUM(B31:D31) -> 18
A32: De 60 a 64 años | B32: 12 | C32: 0 | D32: 1 | E32: =SUM(B32:D32) -> 13
A33: 65 años o más | B33: 5 | C33: 0 | D33: 0 | E33: =SUM(B33:D33) -> 5
A35: MUJERES | B35: =SUM(B36:B46) -> 118 | C35: =SUM(C36:C46) -> 0 | D35: =SUM(D36:D46) -> 0 | E35: =SUM(B35:D35) -> 118
A36: De 16 a 19 años | B36: 1 | C36: 0 | D36: 0 | E36: =SUM(B36:D36) -> 1
A37: De 20 a 24 años | B37: 5 | C37: 0 | D37: 0 | E37: =SUM(B37:D37) -> 5
A38: De 25 a 29 años | B38: 8 | C38: 0 | D38: 0 | E38: =SUM(B38:D38) -> 8
A39: De 30 a 34 años | B39: 7 | C39: 0 | D39: 0 | E39: =SUM(B39:D39) -> 7
A40: De 35 a 39 años | B40: 12 | C40: 0 | D40: 0 | E40: =SUM(B40:D40) -> 12
A41: De 40 a 44 años | B41: 14 | C41: 0 | D41: 0 | E41: =SUM(B41:D41) -> 14
A42: De 45 a 49 años | B42: 23 | C42: 0 | D42: 0 | E42: =SUM(B42:D42) -> 23
A43: De 50 a 54 años | B43: 19 | C43: 0 | D43: 0 | E43: =SUM(B43:D43) -> 19
A44: De 55 a 59 años | B44: 19 | C44: 0 | D44: 0 | E44: =SUM(B44:D44) -> 19
A45: De 60 a 64 años | B45: 10 | C45: 0 | D45: 0 | E45: =SUM(B45:D45) -> 10
A46: 65 años o más | B46: 0 | C46: 0 | D46: 0 | E46: =SUM(B46:D46) -> 0
A48: Se incluyen los accidentes que han causado baja en el periodo de referencia, recepcionados por la Autoridad Laboral Provincial (véanse Fuentes y Notas Explicativas). | B48: 0 | C48: 0

Sheet ATR-A3_II
A1: ACCIDENTES DE TRABAJO | E1: Volver al índice
A3: ATR-A3_II. ACCIDENTES DE TRABAJO CON BAJA, IN ITINERE, SEGÚN GRAVEDAD,
A4: POR SEXO Y EDAD DEL TRABAJADOR ACCIDENTADO
A6: enero 2026
B8: Leves | C8: Graves | D8: Mortales | E8: TOTAL
A9: TOTAL | B9: =B20+B29 -> 28 | C9: =C20+C29 -> 1 | D9: =D20+D29 -> 0 | E9: =E20+E29 -> 29
A10: De 20 a 24 años | B10: 2 | C10: 0 | D10: =D21+D30 -> 0 | E10: =SUM(B10:D10) -> 2
A11: De 25 a 29 años | B11: 1 | C11: 0 | D11: =D22+D31 -> 0 | E11: =SUM(B11:D11) -> 1
A12: De 30 a 34 años | B12: 2 | C12: 0 | D12: =D23+D32 -> 0 | E12: =SUM(B12:D12) -> 2
A13: De 35 a 39 años | B13: 4 | C13: 0 | D13: =D24+D33 -> 0 | E13: =SUM(B13:D13) -> 4
A14: De 40 a 44 años | B14: 1 | C14: 0 | D14: =D25+D34 -> 0 | E14: =SUM(B14:D14) -> 1
A15: De 45 a 49 años | B15: 5 | C15: 1 | D15: =D26+D35 -> 0 | E15: =SUM(B15:D15) -> 6
A16: De 50 a 54 años | B16: 3 | C16: 0 | D16: =D27+D36 -> 0 | E16: =SUM(B16:D16) -> 3
A17: De 55 a 59 años | B17: 3 | C17: 0 | D17: =D28+D37 -> 0 | E17: =SUM(B17:D17) -> 3
A18: De 60 a 64 años | B18: 7 | C18: 0 | D18: 0 | E18: =SUM(B18:D18) -> 7
A20: VARONES | B20: =SUM(B21:B27) -> 13 | C20: =SUM(C21:C27) -> 0 | D20: =SUM(D21:D27) -> 0 | E20: =SUM(E21:E27) -> 13
A21: De 20 a 24 años | B21: 1 | C21: 0 | D21: 0 | E21: =SUM(B21:D21) -> 1
A22: De 30 a 34 años | B22: 1 | C22: 0 | D22: 0 | E22: =SUM(B22:D22) -> 1
A23: De 35 a 39 años | B23: 2 | C23: 0 | D23: 0 | E23: =SUM(B23:D23) -> 2
A24: De 45 a 49 años | B24: 3 | C24: 0 | D24: 0 | E24: =SUM(B24:D24) -> 3
A25: De 50 a 54 años | B25: 3 | C25: 0 | D25: 0 | E25: =SUM(B25:D25) -> 3
A26: De 55 a 59 años | B26: 1 | C26: 0 | D26: 0 | E26: =SUM(B26:D26) -> 1
A27: De 60 a 64 años | B27: 2 | C27: 0 | D27: 0 | E27: =SUM(B27:D27) -> 2
A29: MUJERES | B29: =SUM(B30:B37) -> 15 | C29: =SUM(C30:C37) -> 1 | D29: =SUM(D30:D37) -> 0 | E29: =SUM(B29:D29) -> 16
A30: De 20 a 24 años | B30: 1 | C30: 0 | D30: 0 | E30: =SUM(B30:D30) -> 1
A31: De 25 a 29 años | B31: 1 | C31: 0 | D31: 0 | E31: =SUM(B31:D31) -> 1
A32: De 30 a 34 años | B32: 1 | C32: 0 | D32: 0 | E32: =SUM(B32:D32) -> 1
A33: De 35 a 39 años | B33: 2 | C33: 0 | D33: 0 | E33: =SUM(B33:D33) -> 2
A34: De 40 a 44 años | B34: 1 | C34: 0 | D34: 0 | E34: =SUM(B34:D34) -> 1
A35: De 45 a 49 años | B35: 2 | C35: 1 | D35: 0 | E35: =SUM(B35:D35) -> 3
A36: De 55 a 59 años | B36: 2 | C36: 0 | D36: 0 | E36: =SUM(B36:D36) -> 2
A37: De 60 a 64 años | B37: 5 | C37: 0 | D37: 0 | E37: =SUM(B37:D37) -> 5
A39: Se incluyen los accidentes que han causado baja en el periodo de referencia, recepcionados por la Autoridad Laboral Provincial (véanse Fuentes y Notas Explicativas). | B39: 0 | C39: 0

Sheet ATR-A4
A1: ACCIDENTES DE TRABAJO | F1: Volver al índice
A3: ATR-A4. ACCIDENTES DE TRABAJO CON BAJA, EN JORNADA, SEGÚN GRAVEDAD,
A4: POR GRANDES GRUPOS DE OCUPACIÓN
A6: enero 2026
B8: Leves | C8: Graves | D8: Mortales | E8: TOTAL
A9: TOTAL | B9: =SUM(B11:B26) -> 331 | C9: =SUM(C11:C26) -> 1 | D9: =SUM(D11:D26) -> 1 | E9: =SUM(B9:D9) -> 333
A11: A - Directores y gerentes | B11: 4 | C11: 0 | D11: 0 | E11: =SUM(B11:D11) -> 4
A12: B - Técnicos y profesionales científicos e intelectuales de la salud y la enseñanza | B12: 10 | C12: 0 | D12: 0 | E12: =SUM(B12:D12) -> 10
A13: C - Otros técnicos y profesionales científicos e intelectuales | B13: 2 | C13: 0 | D13: 0 | E13: =SUM(B13:D13) -> 2
A14: D - Técnicos; profesionales de apoyo | B14: 11 | C14: 0 | D14: 0 | E14: =SUM(B14:D14) -> 11
A15: E - Empleados de oficina que no atienden al público | B15: 6 | C15: 0 | D15: 0 | E15: =SUM(B15:D15) -> 6
A16: F - Empleados de oficina que atienden al público | B16: 2 | C16: 0 | D16: 0 | E16: =SUM(B16:D16) -> 2
A17: G - Trabajadores de los servicios de restauración y comercio | B17: 30 | C17: 0 | D17: 0 | E17: =SUM(B17:D17) -> 30
A18: H - Trabajadores de los servicios de salud y el cuidado de personas | B18: 31 | C18: 0 | D18: 0 | E18: =SUM(B18:D18) -> 31
A19: I - Trabajadores de los servicios de protección y seguridad | B19: 6 | C19: 0 | D19: 1 | E19: =SUM(B19:D19) -> 7
A20: J - Trabajadores cualificados en el sector agrícola, ganadero, forestal y pesquero | B20: 13 | C20: 0 | D20: 0 | E20: =SUM(B20:D20) -> 13
A21: K - Trabajadores cualificados de la construcción, excepto operadores de máquinas | B21: 37 | C21: 0 | D21: 0 | E21: =SUM(B21:D21) -> 37
A22: L - Trabajadores cualificados de las industrias manufactureras, excepto operadores de instalaciones y máquinas | B22: 63 | C22: 0 | D22: 0 | E22: =SUM(B22:D22) -> 63
... A26: P - Peones de la agricultura, pesca, construcción, industrias manufactureras y transportes | B26: 59 | C26: 1 | D26: 0 | E26: =SUM(B26:D26) -> 60
A28: Se incluyen los accidentes que han causado baja en el periodo de referencia, recepcionados por la Autoridad Laboral Provincial (véanse Fuentes y Notas Explicativas). | B28: 0 | C28: 0

Sheet ATR-A4_II
A1: ACCIDENTES DE TRABAJO | F1: Volver al índice
A3: ATR-A4__II. ACCIDENTES DE TRABAJO CON BAJA, IN ITINERE, SEGÚN GRAVEDAD,
A4: POR GRANDES GRUPOS DE OCUPACIÓN
A6: enero 2026
B8: Leves | C8: Graves | D8: Mortales | E8: TOTAL
A9: TOTAL | B9: =SUM(B10:B23) -> 28 | C9: =SUM(C10:C23) -> 1 | D9: =SUM(D10:D23) -> 0 | E9: =SUM(B9:D9) -> 29
A10: B - Técnicos y profesionales científicos e intelectuales de la salud y la enseñanza | B10: 2 | C10: 0 | D10: 0 | E10: =SUM(B10:D10) -> 2
A11: C - Otros técnicos y profesionales científicos e intelectuales | B11: 2 | C11: 0 | D11: 0 | E11: =SUM(B11:D11) -> 2
A12: D - Técnicos; profesionales de apoyo | B12: 2 | C12: 0 | D12: 0 | E12: =SUM(B12:D12) -> 2
A13: E - Empleados de oficina que no atienden al público | B13: 1 | C13: 0 | D13: 0 | E13: =SUM(B13:D13) -> 1
A14: F - Empleados de oficina que atienden al público | B14: 2 | C14: 0 | D14: 0 | E14: =SUM(B14:D14) -> 2
A15: G - Trabajadores de los servicios de restauración y comercio | B15: 3 | C15: 1 | D15: 0 | E15: =SUM(B15:D15) -> 4
A16: H - Trabajadores de los servicios de salud y el cuidado de personas | B16: 1 | C16: 0 | D16: 0 | E16: =SUM(B16:D16) -> 1
A17: I - Trabajadores de los servicios de protección y seguridad | B17: 2 | C17: 0 | D17: 0 | E17: =SUM(B17:D17) -> 2
A18: J - Trabajadores cualificados en el sector agrícola, ganadero, forestal y pesquero | B18: 1 | C18: 0 | D18: 0 | E18: =SUM(B18:D18) -> 1
A19: K - Trabajadores cualificados de la construcción, excepto operadores de máquinas | B19: 1 | C19: 0 | D19: 0 | E19: =SUM(B19:D19) -> 1
A20: L - Trabajadores cualificados de las industrias manufactureras, excepto operadores de instalaciones y máquinas | B20: 2 | C20: 0 | D20: 0 | E20: =SUM(B20:D20) -> 2
A21: M - Operadores de instalaciones y maquinaria fijas, y montadores | B21: 3 | C21: 0 | D21: 0 | E21: =SUM(B21:D21) -> 3
... A23: P - Peones de la agricultura, pesca, construcción, industrias manufactureras y transportes | B23: 4 | C23: 0 | D23: 0 | E23: =SUM(B23:D23) -> 4
A25: Se incluyen los accidentes que han causado baja en el periodo de referencia, recepcionados por la Autoridad Laboral Provincial (véanse Fuentes y Notas Explicativas). | B25: 0 | C25: 0

Sheet ATR-A5
A1: ACCIDENTES DE TRABAJO | F1: Volver al índice
A3: ATR-A5. ACCIDENTES DE TRABAJO CON BAJA, EN JORNADA, SEGÚN GRAVEDAD,
A4: POR TIPO DE LUGAR DONDE SE ENCONTRABA EL TRABAJADOR ACCIDENTADO
A6: enero 2026
B8: Leves | C8: Graves | D8: Mortales | E8: TOTAL
A9: TOTAL | B9: =SUM(B12:B14) -> 331 | C9: =SUM(C12:C14) -> 1 | D9: =SUM(D12:D14) -> 1 | E9: =SUM(B9:D9) -> 333
A11: TIPO DE LUGAR GENERAL
A12: En centro habitual | B12: 290 | C12: 1 | D12: 1 | E12: =SUM(B12:D12) -> 292
A13: En desplazamiento | B13: 22 | C13: 0 | D13: 0 | E13: =SUM(B13:D13) -> 22
A14: En otro centro | B14: 19 | C14: 0 | D14: 0 | E14: =SUM(B14:D14) -> 19
A16: TIPO DE LUGAR DETALLADO
A17: 000 - Ninguna información | B17: 1 | C17: 0 | D17: 0 | E17: =SUM(B17:D17) -> 1
A18: 011 - Lugar de producción, taller, fábrica | B18: 110 | C18: 0 | D18: 0 | E18: =SUM(B18:D18) -> 110
A19: 012 - Área de mantenimiento, taller de reparación | B19: 6 | C19: 0 | D19: 0 | E19: =SUM(B19:D19) -> 6
A20: 013 - Áreas destinadas principalmente a almacenamiento, carga, descarga | B20: 28 | C20: 0 | D20: 0 | E20: =SUM(B20:D20) -> 28
A21: 019 - Otros tipos de lugar conocidos del grupo 010, pero no mencionados anteriormente | B21: 2 | C21: 0 | D21: 0 | E21: =SUM(B21:D21) -> 2
A22: 021 - Obras - edificio en construcción | B22: 17 | C22: 0 | D22: 0 | E22: =SUM(B22:D22) -> 17
A23: 022 - Obras - edificio en demolición, renovación o mantenimiento | B23: 9 | C23: 0 | D23: 0 | E23: =SUM(B23:D23) -> 9
A24: 023 - Cantera, mina a cielo abierto, excavación, zanja (incluidas las minas a cielo abierto y las canteras en explotación) | B24: 1 | C24: 0 | D24: 0 | E24: =SUM(B24:D24) -> 1
A25: 029 - Otros tipos de lugar conocidos del grupo 020, pero no mencionados anteriormente | B25: 2 | C25: 0 | D25: 0 | E25: =SUM(B25:D25) -> 2
A26: 031 - Lugares de cría de animales | B26: 3 | C26: 1 | D26: 0 | E26: =SUM(B26:D26) -> 4
A27: 032 - Lugares agrícolas - cultivo del suelo | B27: 8 | C27: 0 | D27: 0 | E27: =SUM(B27:D27) -> 8
A28: 033 - Lugares agrícolas - cultivo en árboles o arbustos | B28: 5 | C28: 0 | D28: 0 | E28: =SUM(B28:D28) -> 5
... A48: 999 - Otros tipos de lugar no codificados en esta clasificación | B48: 2 | C48: 0 | D48: 0 | E48: =SUM(B48:D48) -> 2
A50: Se incluyen los accidentes que han causado baja en el periodo de referencia, recepcionados por la Autoridad Laboral Provincial (véanse Fuentes y Notas Explicativas). | B50: 0 | C50: 0

Sheet ATR-A5_II
A1: ACCIDENTES DE TRABAJO | F1: Volver al índice
A3: ATR-A5_II. ACCIDENTES DE TRABAJO CON BAJA, IN ITINERE, SEGÚN GRAVEDAD,
A4: POR TIPO DE LUGAR DONDE SE ENCONTRABA EL TRABAJADOR ACCIDENTADO
A6: enero 2026
B8: Leves | C8: Graves | D8: Mortales | E8: TOTAL
A9: TOTAL | B9: =SUM(B12:B25) -> 28 | C9: =SUM(C12:C25) -> 1 | D9: =SUM(D12:D25) -> 0 | E9: =SUM(E12:E25) -> 29
A11: TIPO DE LUGAR DETALLADO
A12: 011 - Lugar de producción, taller, fábrica | B12: 1 | C12: 0 | D12: 0 | E12: =SUM(B12:D12) -> 1
A13: 061 - Lugares abiertos permanentemente al público (vías de acceso, de circulación, zona de estacionamiento, sala de espera de estación, aeropuerto, etc.) | B13: 17 | C13: 1 | D13: 0 | E13: =SUM(B13:D13) -> 18
A14: 062 - Medio de transporte - terrestre: carretera o ferrocarril - privado o público (sea cual fuere: tren, autobús, automóvil, etc.) | B14: 8 | C14: 0 | D14: 0 | E14: =SUM(B14:D14) -> 8
A15: 063 - Zona aneja a lugares públicos con acceso reservado al personal autorizado: vía de ferrocarril, pavimento de aeródromo, arcén en autopista | B15: 2 | C15: 0 | D15: 0 | E15: =SUM(B15:D15) -> 2
A17: Se incluyen los accidentes que han causado baja en el periodo de referencia, recepcionados por la Autoridad Laboral Provincial (véanse Fuentes y Notas Explicativas). | B17: 0 | C17: 0

Sheet ATR-A6
A1: ACCIDENTES DE TRABAJO | F1: Volver al índice
A3: ATR-A6. ACCIDENTES DE TRABAJO CON BAJA, EN JORNADA, SEGÚN GRAVEDAD,
A4: POR ACTIVIDAD FÍSICA QUE REALIZABA EL TRABAJADOR ACCIDENTADO
A6: enero 2026
B8: Leves | C8: Graves | D8: Mortales | E8: TOTAL
A9: TOTAL | B9: =SUM(B11:B54) -> 331 | C9: =SUM(C11:C54) -> 1 | D9: =SUM(D11:D54) -> 1 | E9: =SUM(E11:E54) -> 333
A11: 00 - Ninguna información | B11: 1 | C11: 0 | D11: 0 | E11: =SUM(B11:D11) -> 1
A12: 12 - Alimentar la máquina, vaciar la máquina | B12: 11 | C12: 0 | D12: 0 | E12: =SUM(B12:D12) -> 11
A13: 13 - Vigilar la máquina, hacer funcionar - conducir la máquina | B13: 3 | C13: 0 | D13: 0 | E13: =SUM(B13:D13) -> 3
A14: 19 - Otra Actividad física específica del grupo 1 no mencionada anteriormente | B14: 6 | C14: 0 | D14: 0 | E14: =SUM(B14:D14) -> 6
A15: 21 - Trabajar con herramientas manuales sin motor | B15: 37 | C15: 0 | D15: 0 | E15: =SUM(B15:D15) -> 37
A16: 22 - Trabajar con herramientas manuales con motor | B16: 13 | C16: 0 | D16: 0 | E16: =SUM(B16:D16) -> 13
A17: 29 - Otra Actividad física específica del grupo 2 no mencionada anteriormente | B17: 1 | C17: 0 | D17: 0 | E17: =SUM(B17:D17) -> 1
A18: 31 - Conducir un medio de transporte o un equipo de carga - móvil y con motor | B18: 14 | C18: 0 | D18: 0 | E18: =SUM(B18:D18) -> 14
A19: 32 - Conducir un medio de transporte o un equipo de carga - móvil y sin motor | B19: 1 | C19: 0 | D19: 0 | E19: =SUM(B19:D19) -> 1
A20: 39 - Otra Actividad física específica del grupo 3 no mencionada anteriormente | B20: 1 | C20: 0 | D20: 0 | E20: =SUM(B20:D20) -> 1
A21: 41 - Coger con la mano, agarrar, sujetar, poner ¿ en un plano horizontal | B21: 74 | C21: 0 | D21: 0 | E21: =SUM(B21:D21) -> 74
A22: 42 - Atar, ligar, arrancar, deshacer, prensar, destornillar, atornillar, girar | B22: 4 | C22: 1 | D22: 0 | E22: =SUM(B22:D22) -> 5
... A39: 99 - Otra Actividad física específica no codificada en esta clasificación | B39: 1 | C39: 0 | D39: 0 | E39: =SUM(B39:D39) -> 1
A41: Se incluyen los accidentes que han causado baja en el periodo de referencia, recepcionados por la Autoridad Laboral Provincial (véanse Fuentes y Notas Explicativas). | B41: 0 | C41: 0

Sheet ATR-A6_II
A1: ACCIDENTES DE TRABAJO | F1: Volver al índice
A3: ATR-A6_II. ACCIDENTES DE TRABAJO CON BAJA, IN ITINERE, SEGÚN GRAVEDAD,
A4: POR ACTIVIDAD FÍSICA QUE REALIZABA EL TRABAJADOR ACCIDENTADO
A6: enero 2026
B8: Leves | C8: Graves | D8: Mortales | E8: TOTAL
A9: TOTAL | B9: =SUM(B11:B17) -> 28 | C9: =SUM(C11:C17) -> 1 | D9: =SUM(D11:D17) -> 0 | E9: =SUM(E11:E17) -> 29
A11: 31 - Conducir un medio de transporte o un equipo de carga - móvil y con motor | B11: 12 | C11: 1 | D11: 0 | E11: =SUM(B11:D11) -> 13
A12: 32 - Conducir un medio de transporte o un equipo de carga - móvil y sin motor | B12: 2 | C12: 0 | D12: 0 | E12: =SUM(B12:D12) -> 2
A13: 33 - Ser pasajero a bordo de un medio de transporte | B13: 2 | C13: 0 | D13: 0 | E13: =SUM(B13:D13) -> 2
A14: 61 - Andar, correr, subir, bajar, etc. | B14: 11 | C14: 0 | D14: 0 | E14: =SUM(B14:D14) -> 11
A15: 69 - Otra Actividad física específica del grupo 6 no mencionada anteriormente | B15: 1 | C15: 0 | D15: 0 | E15: =SUM(B15:D15) -> 1
A17: Se incluyen los accidentes que han causado baja en el periodo de referencia, recepcionados por la Autoridad Laboral Provincial (véanse Fuentes y Notas Explicativas). | B17: 0 | C17: 0

Sheet ATR-A7
A1: ACCIDENTES DE TRABAJO | F1: Volver al índice
A3: ATR-A7. ACCIDENTES DE TRABAJO CON BAJA, EN JORNADA, SEGÚN GRAVEDAD,
A4: POR DESVIACIÓN QUE PRODUJO EL ACCIDENTE
A6: enero 2026
B8: Leves | C8: Graves | D8: Mortales | E8: TOTAL
A9: TOTAL | B9: =SUM(B11:B46) -> 331 | C9: =SUM(C11:C46) -> 1 | D9: =SUM(D11:D46) -> 1 | E9: =SUM(E11:E46) -> 333
A11: 000 - Ninguna información | B11: 2 | C11: 0 | D11: 0 | E11: =SUM(B11:D11) -> 2
A12: 019 - Otra desviación conocida del grupo 10 pero no mencionada anteriormente | B12: 1 | C12: 0 | D12: 0 | E12: =SUM(B12:D12) -> 1
A13: 021 - En estado de sólido - desbordamiento, vuelco | B13: 1 | C13: 0 | D13: 0 | E13: =SUM(B13:D13) -> 1
A14: 022 - En estado líquido - escape, rezumamiento, derrame, salpicadura, aspersión | B14: 3 | C14: 0 | D14: 0 | E14: =SUM(B14:D14) -> 3
A15: 024 - Pulverulento - emanación de humos, emisión de polvo, partículas | B15: 2 | C15: 0 | D15: 0 | E15: =SUM(B15:D15) -> 2
A16: 031 - Rotura de material, en las juntas, en las conexiones | B16: 2 | C16: 0 | D16: 0 | E16: =SUM(B16:D16) -> 2
A17: 032 - Rotura, estallido, en fragmentos (madera, cristal, metal, piedra, plástico, otros) | B17: 3 | C17: 0 | D17: 0 | E17: =SUM(B17:D17) -> 3
A18: 033 - Resbalón, derrumbamiento, caída de agente material - superior (que cae sobre la víctima) | B18: 2 | C18: 0 | D18: 0 | E18: =SUM(B18:D18) -> 2
A19: 034 - Resbalón, derrumbamiento, caída de agente material - inferior (que arrastra a la víctima) | B19: 2 | C19: 0 | D19: 0 | E19: =SUM(B19:D19) -> 2
A20: 035 - Resbalón, derrumbamiento, caída de agente material - al mismo nivel | B20: 3 | C20: 0 | D20: 0 | E20: =SUM(B20:D20) -> 3
A21: 039 - Otra desviación conocida del grupo 30 pero no mencionada anteriormente | B21: 1 | C21: 0 | D21: 0 | E21: =SUM(B21:D21) -> 1
A22: 041 - Pérdida (total o parcial) de control - de máquina (incluido el arranque intempestivo), así como de la materia sobre la que se trabaje con la máquina | B22: 2 | C22: 0 | D22: 0 | E22: =SUM(B22:D22) -> 2
... A45: 099 - Otra desviación no codificada en esta clasificación | B45: 3 | C45: 0 | D45: 1 | E45: =SUM(B45:D45) -> 4
A47: Se incluyen los accidentes que han causado baja en el periodo de referencia, recepcionados por la Autoridad Laboral Provincial (véanse Fuentes y Notas Explicativas). | B47: 0 | C47: 0

Sheet ATR-A7_II
A1: ACCIDENTES DE TRABAJO | F1: Volver al índice
A3: ATR-A7_II. ACCIDENTES DE TRABAJO CON BAJA,IN ITINERE, SEGÚN GRAVEDAD,
A4: POR DESVIACIÓN QUE PRODUJO EL ACCIDENTE
A6: enero 2026
B8: Leves | C8: Graves | D8: Mortales | E8: TOTAL
A9: TOTAL | B9: =SUM(B11:B20) -> 28 | C9: =SUM(C11:C20) -> 1 | D9: =SUM(D11:D20) -> 0 | E9: =SUM(E11:E20) -> 29
A11: 035 - Resbalón, derrumbamiento, caída de agente material - al mismo nivel | B11: 1 | C11: 0 | D11: 0 | E11: =SUM(B11:D11) -> 1
A12: 039 - Otra desviación conocida del grupo 30 pero no mencionada anteriormente | B12: 1 | C12: 0 | D12: 0 | E12: =SUM(B12:D12) -> 1
A13: 042 - Pérdida (total o parcial) de control - de medio de transporte - de equipo de carga (con motor o sin él) | B13: 14 | C13: 1 | D13: 0 | E13: =SUM(B13:D13) -> 15
A14: 052 - Caída de una persona - al mismo nivel - Resbalón o tropezón con caída. | B14: 9 | C14: 0 | D14: 0 | E14: =SUM(B14:D14) -> 9
A15: 064 - Movimientos no coordinados, gestos intempestivos, inoportunos | B15: 3 | C15: 0 | D15: 0 | E15: =SUM(B15:D15) -> 3
A17: Se incluyen los accidentes que han causado baja en el periodo de referencia, recepcionados por la Autoridad Laboral Provincial (véanse Fuentes y Notas Explicativas). | B17: 0 | C17: 0

Sheet ATR-A8
A1: ACCIDENTES DE TRABAJO | F1: Volver al índice
A3: ATR-A8. ACCIDENTES DE TRABAJO CON BAJA, EN JORNADA, SEGÚN GRAVEDAD,
A4: POR FORMA O CONTACTO QUE PRODUJO LA LESIÓN
A6: enero 2026
B8: Leves | C8: Graves | D8: Mortales | E8: TOTAL
A9: TOTAL | B9: =SUM(B11:B49) -> 331 | C9: =SUM(C11:C49) -> 1 | D9: =SUM(D11:D49) -> 1 | E9: =SUM(B9:D9) -> 333
A11: 00 - Ninguna información | B11: 1 | C11: 0 | D11: 0 | E11: =SUM(B11:D11) -> 1
A12: 11 - Contacto con un arco eléctrico o rayo (pasivo) (sin contacto material con el elemento) | B12: 1 | C12: 0 | D12: 0 | E12: =SUM(B12:D12) -> 1
A13: 13 - Contacto con llamas directas u objetos o entornos con elevadas temperaturas | B13: 3 | C13: 0 | D13: 0 | E13: =SUM(B13:D13) -> 3
A14: 16 - Contacto con sustancias peligrosas - a través de la piel y de los ojos | B14: 7 | C14: 0 | D14: 0 | E14: =SUM(B14:D14) -> 7
A15: 19 - Otro Contacto conocido del grupo 1 no mencionado anteriormente | B15: 2 | C15: 0 | D15: 0 | E15: =SUM(B15:D15) -> 2
A16: 22 - Quedar sepultado bajo un sólido | B16: 1 | C16: 0 | D16: 0 | E16: =SUM(B16:D16) -> 1
A17: 31 - Golpe sobre o contra resultado de una caída del trabajador | B17: 58 | C17: 0 | D17: 0 | E17: =SUM(B17:D17) -> 58
A18: 32 - Golpe resultado de un tropiezo sobre o contra un objeto inmóvil | B18: 31 | C18: 0 | D18: 0 | E18: =SUM(B18:D18) -> 31
A19: 39 - Otro Contacto conocido del grupo 3 no mencionado anteriormente | B19: 7 | C19: 0 | D19: 0 | E19: =SUM(B19:D19) -> 7
A20: 41 - Choque o golpe contra un objeto o fragmentos ¿ proyectados | B20: 7 | C20: 0 | D20: 0 | E20: =SUM(B20:D20) -> 7
A21: 42 - Choque o golpe contra un objeto ¿ que cae o se desprende | B21: 16 | C21: 0 | D21: 0 | E21: =SUM(B21:D21) -> 16
A22: 43 - Choque o golpe contra un objeto ¿ en balanceo o giro | B22: 11 | C22: 1 | D22: 0 | E22: =SUM(B22:D22) -> 12
... A39: 90 - Infartos, derrames cerebrales y otras patologías no traumáticas | B39: 0 | C39: 0 | D39: 1 | E39: =SUM(B39:D39) -> 1
A41: Se incluyen los accidentes que han causado baja en el periodo de referencia, recepcionados por la Autoridad Laboral Provincial (véanse Fuentes y Notas Explicativas). | B41: 0 | C41: 0

Sheet ATR-A8_II
A1: ACCIDENTES DE TRABAJO | F1: Volver al índice
A3: ATR-A8_II. ACCIDENTES DE TRABAJO CON BAJA, IN ITINERE, SEGÚN GRAVEDAD,
A4: POR FORMA O CONTACTO QUE PRODUJO LA LESIÓN
A6: enero 2026
B8: Leves | C8: Graves | D8: Mortales | E8: TOTAL
A9: TOTAL | B9: =SUM(B11:B17) -> 28 | C9: =SUM(C11:C17) -> 1 | D9: =SUM(D11:D17) -> 0 | E9: =SUM(B9:D9) -> 29
A11: 31 - Golpe sobre o contra resultado de una caída del trabajador | B11: 11 | C11: 0 | D11: 0 | E11: =SUM(B11:D11) -> 11
A12: 41 - Choque o golpe contra un objeto o fragmentos ¿ proyectados | B12: 1 | C12: 0 | D12: 0 | E12: =SUM(B12:D12) -> 1
A13: 42 - Choque o golpe contra un objeto ¿ que cae o se desprende | B13: 1 | C13: 0 | D13: 0 | E13: =SUM(B13:D13) -> 1
A14: 44 - Choque o golpe contra un objeto, incluidos los vehículos ¿ trabajador inmóvil | B14: 5 | C14: 0 | D14: 0 | E14: =SUM(B14:D14) -> 5
A15: 45 - Colisión con un objeto, vehículo o persona ¿ trabajador en movimiento | B15: 5 | C15: 1 | D15: 0 | E15: =SUM(B15:D15) -> 6
A16: 62 - Quedar atrapado, ser aplastado ¿ bajo algo en movimiento | B16: 1 | C16: 0 | D16: 0 | E16: =SUM(B16:D16) -> 1
A17: 71 - Sobreesfuerzo físico - sobre el sistema musculoesquelético | B17: 4 | C17: 0 | D17: 0 | E17: =SUM(B17:D17) -> 4
A19: Se incluyen los accidentes que han causado baja en el periodo de referencia, recepcionados por la Autoridad Laboral Provincial (véanse Fuentes y Notas Explicativas). | B19: 0 | C19: 0

Sheet ATR-A9
A1: ACCIDENTES DE TRABAJO | F1: Volver al índice
A3: ATR-A9. ACCIDENTES DE TRABAJO CON BAJA, EN JORNADA, SEGÚN GRAVEDAD,
A4: POR DESCRIPCIÓN DE LA LESIÓN
A6: enero 2026
B7: EN JORNADA
B8: Leves | C8: Graves | D8: Mortales | E8: TOTAL
A9: TOTAL | B9: =SUM(B11:B41) -> 331 | C9: =SUM(C11:C41) -> 1 | D9: =SUM(D11:D41) -> 1 | E9: =SUM(E11:E41) -> 333
A11: 000 - Lesión desconocida | B11: 2 | C11: 0 | D11: 0 | E11: =SUM(B11:D11) -> 2
A12: 011 - Lesiones superficiales y cuerpos extraños en los ojos | B12: 45 | C12: 0 | D12: 0 | E12: =SUM(B12:D12) -> 45
A13: 012 - Heridas abiertas | B13: 51 | C13: 0 | D13: 0 | E13: =SUM(B13:D13) -> 51
A14: 019 - Otros tipos de heridas y lesiones superficiales | B14: 55 | C14: 0 | D14: 0 | E14: =SUM(B14:D14) -> 55
A15: 021 - Fracturas cerradas | B15: 11 | C15: 0 | D15: 0 | E15: =SUM(B15:D15) -> 11
A16: 022 - Fracturas abiertas | B16: 2 | C16: 0 | D16: 0 | E16: =SUM(B16:D16) -> 2
A17: 029 - Otras fracturas | B17: 3 | C17: 0 | D17: 0 | E17: =SUM(B17:D17) -> 3
A18: 031 - Dislocaciones y subluxaciones | B18: 11 | C18: 0 | D18: 0 | E18: =SUM(B18:D18) -> 11
A19: 032 - Esguinces y torceduras | B19: 65 | C19: 0 | D19: 0 | E19: =SUM(B19:D19) -> 65
A20: 039 - Otros tipos de dislocaciones, esguinces y distensiones | B20: 41 | C20: 0 | D20: 0 | E20: =SUM(B20:D20) -> 41
A21: 040 - Amputaciones traumáticas, pérdidas de partes del cuerpo | B21: 3 | C21: 0 | D21: 0 | E21: =SUM(B21:D21) -> 3
A22: 052 - Lesiones internas | B22: 24 | C22: 1 | D22: 0 | E22: =SUM(B22:D22) -> 25
... A29: 999 - Otras lesiones especificadas no incluidas en otros apartados | B29: 4 | C29: 0 | D29: 0 | E29: =SUM(B29:D29) -> 4
A31: Se incluyen los accidentes que han causado baja en el periodo de referencia, recepcionados por la Autoridad Laboral Provincial (véanse Fuentes y Notas Explicativas). | B31: 0 | C31: 0

Sheet ATR-A9_II
A1: ACCIDENTES DE TRABAJO | F1: Volver al índice
A3: ATR-A9_II. ACCIDENTES DE TRABAJO CON BAJA, IN ITINERE, SEGÚN GRAVEDAD,
A4: POR DESCRIPCIÓN DE LA LESIÓN
A6: enero 2026
B8: Leves | C8: Graves | D8: Mortales | E8: TOTAL
A9: TOTAL | B9: =SUM(B11:B55) -> 28 | C9: =SUM(C11:C55) -> 1 | D9: =SUM(D11:D55) -> 0 | E9: =SUM(E11:E55) -> 29
A11: 011 - Lesiones superficiales y cuerpos extraños en los ojos | B11: 3 | C11: 0 | D11: 0 | E11: =SUM(B11:D11) -> 3
A12: 019 - Otros tipos de heridas y lesiones superficiales | B12: 1 | C12: 0 | D12: 0 | E12: =SUM(B12:D12) -> 1
A13: 021 - Fracturas cerradas | B13: 2 | C13: 1 | D13: 0 | E13: =SUM(B13:D13) -> 3
A14: 029 - Otras fracturas | B14: 1 | C14: 0 | D14: 0 | E14: =SUM(B14:D14) -> 1
A15: 031 - Dislocaciones y subluxaciones | B15: 2 | C15: 0 | D15: 0 | E15: =SUM(B15:D15) -> 2
A16: 032 - Esguinces y torceduras | B16: 6 | C16: 0 | D16: 0 | E16: =SUM(B16:D16) -> 6
A17: 039 - Otros tipos de dislocaciones, esguinces y distensiones | B17: 7 | C17: 0 | D17: 0 | E17: =SUM(B17:D17) -> 7
A18: 052 - Lesiones internas | B18: 1 | C18: 0 | D18: 0 | E18: =SUM(B18:D18) -> 1
A19: 120 - Lesiones múltiples | B19: 4 | C19: 0 | D19: 0 | E19: =SUM(B19:D19) -> 4
A20: 999 - Otras lesiones especificadas no incluidas en otros apartados | B20: 1 | C20: 0 | D20: 0 | E20: =SUM(B20:D20) -> 1
A23: Se incluyen los accidentes que han causado baja en el periodo de referencia, recepcionados por la Autoridad Laboral Provincial (véanse Fuentes y Notas Explicativas). | B23: 0 | C23: 0

Sheet ATR-A10
A1: ACCIDENTES DE TRABAJO | F1: Volver al índice
A3: ATR-A10. ACCIDENTES DE TRABAJO CON BAJA, EN JORNADA, SEGÚN GRAVEDAD,
A4: POR PARTE DEL CUERPO LESIONADA
A6: enero 2026
B8: Leves | C8: Graves | D8: Mortales | E8: TOTAL
A9: TOTAL | B9: =SUM(B11:B59) -> 331 | C9: =SUM(C11:C59) -> 1 | D9: =SUM(D11:D59) -> 1 | E9: =SUM(E11:E59) -> 333
A11: 11 - Cabeza cerebro, nervios craneanos y vasos cerebrales | B11: 2 | C11: 0 | D11: 0 | E11: =SUM(B11:D11) -> 2
A12: 12 - Zona facial | B12: 4 | C12: 0 | D12: 0 | E12: =SUM(B12:D12) -> 4
A13: 13 - Ojo(s) | B13: 7 | C13: 0 | D13: 0 | E13: =SUM(B13:D13) -> 7
A14: 18 - Cabeza, múltiples partes afectadas | B14: 1 | C14: 0 | D14: 0 | E14: =SUM(B14:D14) -> 1
A15: 19 - Cabeza, otras partes no mencionadas anteriormente | B15: 2 | C15: 0 | D15: 0 | E15: =SUM(B15:D15) -> 2
A16: 21 - Cuello, incluida la columna y las vértebras cervicales | B16: 4 | C16: 0 | D16: 0 | E16: =SUM(B16:D16) -> 4
A17: 29 - Cuello, otras partes no mencionadas anteriomente | B17: 2 | C17: 0 | D17: 0 | E17: =SUM(B17:D17) -> 2
A18: 31 - Espalda, incluida la columna y las vértebras dorsolumbares | B18: 37 | C18: 0 | D18: 0 | E18: =SUM(B18:D18) -> 37
A19: 39 - Espalda, otras partes no mencionadas anteriomente | B19: 9 | C19: 0 | D19: 0 | E19: =SUM(B19:D19) -> 9
A20: 41 - Caja torácica, costillas, incluidos omoplatos y articulaciones acromioclaviculares | B20: 9 | C20: 0 | D20: 0 | E20: =SUM(B20:D20) -> 9
A21: 42 - Región torácica, incluidos sus órganos | B21: 1 | C21: 0 | D21: 1 | E21: =SUM(B21:D21) -> 2
A22: 43 - Región pélvica y abdominal, incluidos sus órganos | B22: 2 | C22: 0 | D22: 0 | E22: =SUM(B22:D22) -> 2
... A36: 78 - Múltiples partes del cuerpo afectadas | B36: 16 | C36: 1 | D36: 0 | E36: =SUM(B36:D36) -> 17
A38: Se incluyen los accidentes que han causado baja en el periodo de referencia, recepcionados por la Autoridad Laboral Provincial (véanse Fuentes y Notas Explicativas). | B38: 0 | C38: 0

Sheet ATR-A10_II
A1: ACCIDENTES DE TRABAJO | F1: Volver al índice
A3: ATR-A10_II. ACCIDENTES DE TRABAJO CON BAJA, IN ITINERE, SEGÚN GRAVEDAD,
A4: POR PARTE DEL CUERPO LESIONADA
A6: enero 2026
B8: Leves | C8: Graves | D8: Mortales | E8: TOTAL
A9: TOTAL | B9: =SUM(B11:B25) -> 28 | C9: =SUM(C11:C25) -> 1 | D9: =SUM(D11:D25) -> 0 | E9: =SUM(E11:E25) -> 29
A11: 21 - Cuello, incluida la columna y las vértebras cervicales | B11: 3 | C11: 0 | D11: 0 | E11: =SUM(B11:D11) -> 3
A12: 31 - Espalda, incluida la columna y las vértebras dorsolumbares | B12: 2 | C12: 0 | D12: 0 | E12: =SUM(B12:D12) -> 2
A13: 39 - Espalda, otras partes no mencionadas anteriomente | B13: 1 | C13: 0 | D13: 0 | E13: =SUM(B13:D13) -> 1
A14: 41 - Caja torácica, costillas, incluidos omoplatos y articulaciones acromioclaviculares | B14: 1 | C14: 0 | D14: 0 | E14: =SUM(B14:D14) -> 1
A15: 51 - Hombro y articulaciones del húmero | B15: 1 | C15: 0 | D15: 0 | E15: =SUM(B15:D15) -> 1
A16: 52 - Brazo, incluida la articulación del cúbito | B16: 2 | C16: 0 | D16: 0 | E16: =SUM(B16:D16) -> 2
A17: 54 - Dedo(s) | B17: 1 | C17: 0 | D17: 0 | E17: =SUM(B17:D17) -> 1
A18: 58 - Extremidades superiores, múltiples partes afectadas | B18: 1 | C18: 0 | D18: 0 | E18: =SUM(B18:D18) -> 1
A19: 62 - Pierna, incluida la rodilla | B19: 4 | C19: 0 | D19: 0 | E19: =SUM(B19:D19) -> 4
A20: 63 - Tobillo | B20: 4 | C20: 0 | D20: 0 | E20: =SUM(B20:D20) -> 4
A21: 64 - Pie | B21: 1 | C21: 0 | D21: 0 | E21: =SUM(B21:D21) -> 1
A22: 69 - Extremidades inferiores, otras partes no mencionadas anteriormente | B22: 1 | C22: 0 | D22: 0 | E22: =SUM(B22:D22) -> 1
A23: 78 - Múltiples partes del cuerpo afectadas | B23: 6 | C23: 1 | D23: 0 | E23: =SUM(B23:D23) -> 7
A25: Se incluyen los accidentes que han causado baja en el periodo de referencia, recepcionados por la Autoridad Laboral Provincial (véanse Fuentes y Notas Explicativas). | B25: 0 | C25: 0

Sheet ATR-A11
A1: ACCIDENTES DE TRABAJO | F1: Volver al índice
A3: ATR-A11. ACCIDENTES DE TRABAJO CON BAJA, EN JORNADA, SEGÚN TIPO DE CONTRATO
A4: DEL ACCIDENTADO
A6: enero 2026
B8: Leves | C8: Graves | D8: Mortales | E8: TOTAL
A9: TOTAL | B9: =SUM(B11:B39) -> 331 | C9: =SUM(C11:C39) -> 1 | D9: =SUM(D11:D39) -> 1 | E9: =SUM(B9:D9) -> 333
A11: Contratos indefinidos a tiempo completo | B11: 214 | C11: 1 | D11: 1 | E11: =SUM(B11:D11) -> 216
A12: Contratos indefinidos a tiempo parcial | B12: 30 | C12: 0 | D12: 0 | E12: =SUM(B12:D12) -> 30
A13: Contratos indefinidos, fijo discontinuo | B13: 11 | C13: 0 | D13: 0 | E13: =SUM(B13:D13) -> 11
A14: Contratos temporales a tiempo completo | B14: 46 | C14: 0 | D14: 0 | E14: =SUM(B14:D14) -> 46
A15: Contratos temporales a tiempo parcial | B15: 10 | C15: 0 | D15: 0 | E15: =SUM(B15:D15) -> 10
A16: No consta | B16: 20 | C16: 0 | D16: 0 | E16: =SUM(B16:D16) -> 20
A18: Se incluyen los accidentes que han causado baja en el periodo de referencia, recepcionados por la Autoridad Laboral Provincial (véanse Fuentes y Notas Explicativas). | B18: 0 | C18: 0

Sheet ATR-A11_II
A1: ACCIDENTES DE TRABAJO | F1: Volver al índice
A3: ATR-A11. ACCIDENTES DE TRABAJO CON BAJA, IN ITINERE, SEGÚN TIPO DE CONTRATO
A4: DEL ACCIDENTADO
A6: enero 2026
B8: Leves | C8: Graves | D8: Mortales | E8: TOTAL
A9: TOTAL | B9: =SUM(B11:B33) -> 28 | C9: =SUM(C11:C33) -> 1 | D9: =SUM(D11:D33) -> 0 | E9: =SUM(B9:D9) -> 29
A11: Contratos indefinidos a tiempo completo | B11: 19 | D11: 0 | E11: =SUM(B11:D11) -> 19
A12: Contratos indefinidos a tiempo parcial | B12: 1 | C12: 1 | D12: 0 | E12: =SUM(B12:D12) -> 2
A13: Contratos temporales a tiempo completo | B13: 8 | D13: 0 | E13: =SUM(B13:D13) -> 8
A16: Se incluyen los accidentes que han causado baja en el periodo de referencia, recepcionados por la Autoridad Laboral Provincial (véanse Fuentes y Notas Explicativas). | B16: 0 | C16: 0

Sheet ATR-A12
A1: ACCIDENTES DE TRABAJO | F1: Volver al índice
A3: ATR-A12. ACCIDENTES DE TRABAJO CON BAJA, EN JORNADA, SEGÚN ANTIGÜEDAD
A4: DEL ACCIDENTADO EN LA EMPRESA
A6: enero 2026
B8: Leves | C8: Graves | D8: Mortales | E8: TOTAL
A9: TOTAL | B9: =SUM(B11:B26) -> 331 | C9: =SUM(C11:C26) -> 1 | D9: =SUM(D11:D26) -> 1 | E9: =SUM(B9:D9) -> 333
A11: 01.- Menos de 1 mes | B11: 33 | C11: 0 | D11: 0 | E11: =SUM(B11:D11) -> 33
A12: 02.- De 1 a 3 meses | B12: 30 | C12: 0 | D12: 0 | E12: =SUM(B12:D12) -> 30
A13: 03.- De 4 a 6 meses | B13: 27 | C13: 0 | D13: 0 | E13: =SUM(B13:D13) -> 27
A14: 04.- De 7 a 12 meses | B14: 23 | C14: 0 | D14: 0 | E14: =SUM(B14:D14) -> 23
A15: 05.- De 13 meses a 2 años | B15: 35 | C15: 1 | D15: 0 | E15: =SUM(B15:D15) -> 36
A16: 06.- De 2 a 5 años | B16: 78 | C16: 0 | D16: 0 | E16: =SUM(B16:D16) -> 78
A17: 07.- De 5 a 10 años | B17: 39 | C17: 0 | D17: 0 | E17: =SUM(B17:D17) -> 39
A18: 08.- De 10 a 15 años | B18: 22 | C18: 0 | D18: 1 | E18: =SUM(B18:D18) -> 23
A19: 09.- De 15 a 20 años | B19: 15 | C19: 0 | D19: 0 | E19: =SUM(B19:D19) -> 15
A20: 10.- De 20 a 25 años | B20: 11 | C20: 0 | D20: 0 | E20: =SUM(B20:D20) -> 11
A21: 11.- más de 25 años | B21: 18 | C21: 0 | D21: 0 | E21: =SUM(B21:D21) -> 18
A23: Se incluyen los accidentes que han causado baja en el periodo de referencia, recepcionados por la Autoridad Laboral Provincial (véanse Fuentes y Notas Explicativas). | B23: 0 | C23: 0

Sheet ATR-A12_II
A1: ACCIDENTES DE TRABAJO | F1: Volver al índice
A3: ATR-A12. ACCIDENTES DE TRABAJO CON BAJA, IN ITINERE, SEGÚN ANTIGÜEDAD
A4: DEL ACCIDENTADO EN LA EMPRESA
A6: enero 2026
B8: Leves | C8: Graves | D8: Mortales | E8: TOTAL
A9: TOTAL | B9: =SUM(B11:B27) -> 28 | C9: =SUM(C11:C27) -> 1 | D9: =SUM(D11:D27) -> 0 | E9: =SUM(B9:D9) -> 29
A11: 01.- Menos de 1 mes | B11: 2 | C11: 0 | D11: 0 | E11: =SUM(B11:D11) -> 2
A12: 02.- De 1 a 3 meses | B12: 4 | C12: 0 | D12: 0 | E12: =SUM(B12:D12) -> 4
A13: 03.- De 4 a 6 meses | B13: 5 | C13: 0 | D13: 0 | E13: =SUM(B13:D13) -> 5
A14: 04.- De 7 a 12 meses | B14: 2 | C14: 1 | D14: 0 | E14: =SUM(B14:D14) -> 3
A15: 06.- De 2 a 5 años | B15: 5 | C15: 0 | D15: 0 | E15: =SUM(B15:D15) -> 5
A16: 07.- De 5 a 10 años | B16: 3 | C16: 0 | D16: 0 | E16: =SUM(B16:D16) -> 3
A17: 08.- De 10 a 15 años | B17: 1 | C17: 0 | D17: 0 | E17: =SUM(B17:D17) -> 1
A18: 09.- De 15 a 20 años | B18: 2 | C18: 0 | D18: 0 | E18: =SUM(B18:D18) -> 2
A19: 10.- De 20 a 25 años | B19: 1 | C19: 0 | D19: 0 | E19: =SUM(B19:D19) -> 1
A20: 11.- más de 25 años | B20: 3 | C20: 0 | D20: 0 | E20: =SUM(B20:D20) -> 3
A22: Se incluyen los accidentes que han causado baja en el periodo de referencia, recepcionados por la Autoridad Laboral Provincial (véanse Fuentes y Notas Explicativas). | B22: 0 | C22: 0

Sheet ATR-A13
A1: ACCIDENTES DE TRABAJO | F1: Volver al índice
A3: ATR-A13. ACCIDENTES DE TRABAJO CON BAJA, EN JORNADA, SEGÚN RELACIÓN LABORAL
A4: DEL ACCIDENTADO
A6: enero 2026
B8: Leves | C8: Graves | D8: Mortales | E8: TOTAL
A9: TOTAL | B9: =SUM(B11:B33) -> 331 | C9: =SUM(C11:C33) -> 1 | D9: =SUM(D11:D33) -> 1 | E9: =SUM(B9:D9) -> 333
A11: Asalariado sector privado | B11: 284 | C11: 1 | D11: 1 | E11: =SUM(B11:D11) -> 286
A12: Asalariado sector público | B12: 27 | C12: 0 | D12: 0 | E12: =SUM(B12:D12) -> 27
A13: Autónomo con Asalariados | B13: 7 | C13: 0 | D13: 0 | E13: =SUM(B13:D13) -> 7
A14: Autónomo sin Asalariados | B14: 13 | C14: 0 | D14: 0 | E14: =SUM(B14:D14) -> 13
A16: Se incluyen los accidentes que han causado baja en el periodo de referencia, recepcionados por la Autoridad Laboral Provincial (véanse Fuentes y Notas Explicativas). | B16: 0 | C16: 0

Sheet ATR-A13_II
A1: ACCIDENTES DE TRABAJO | F1: Volver al índice
A3: ATR-A13. ACCIDENTES DE TRABAJO CON BAJA, IN ITINERE, SEGÚN RELACIÓN LABORAL
A4: DEL ACCIDENTADO
A6: enero 2026
B8: Leves | C8: Graves | D8: Mortales | E8: TOTAL
A9: TOTAL | B9: =SUM(B11:B33) -> 28 | C9: =SUM(C11:C33) -> 1 | D9: =SUM(D11:D33) -> 0 | E9: =SUM(B9:D9) -> 29
A11: Asalariado sector privado | B11: 21 | C11: 1 | D11: 0 | E11: =SUM(B11:D11) -> 22
A12: Asalariado sector público | B12: 7 | C12: 0 | D12: 0 | E12: =SUM(B12:D12) -> 7
A15: Se incluyen los accidentes que han causado baja en el periodo de referencia, recepcionados por la Autoridad Laboral Provincial (véanse Fuentes y Notas Explicativas). | B15: 0 | C15: 0

Sheet NOVEDADES
A1: ACCIDENTES DE TRABAJO
A3: NOVEDADES IMPORTANTES EN LOS AVANCES DEL AÑO 2021
A5: A partir del Avance enero 2021 se introduce una novedad importante en relación con los datos por actividad económica. Se deja de considerar el criterio que se venía utilizando históricamente (actividad económica del centro de trabajo donde ha ocurrido el accidente) y se pasa a considerar la actividad económica del centro de trabajo en el que el trabajador está dado de alta en la Seguridad Social. La adopción de este criterio alinea a la estadística española con el estándar europeo. Además, el cálculo de índices de incidencia por actividad económica queda así definido de una manera consistente.

Sheet TAS
A1: Tabla - 1: TIPO DE LUGAR
A2: 000 | B2: Ninguna información
A3: 010 | B3: Zonas industriales - Sin especificar
A4: 011 | B4: Lugar de producción, taller, fábrica
A5: 012 | B5: Área de mantenimiento, taller de reparación
A6: 013 | B6: Áreas destinadas principalmente a almacenamiento, carga, descarga
A7: 019 | B7: Otros Tipos de lugar conocidos del grupo 010, pero no mencionados anteriormente
A8: 020 | B8: Obras, construcción, cantera, mina a cielo abierto - Sin especificar
A9: 021 | B9: Obras - edificio en construcción
A10: 022 | B10: Obras - edificio en demolición, renovación o mantenimiento
A11: 023 | B11: Cantera, mina a cielo abierto, excavación, zanja (incluidas las minas a cielo abierto y la canteras en explotación)
A12: 024 | B12: Obras subterráneas
A13: 025 | B13: Obras en el agua
... A50: 099 | B50: Otros Tipos de lugar conocidos del grupo 090, con excepción de las obras, pero no mencionados anteriormente
A51: 100 | B51: Subterráneos - con excepción de las obras - Sin especificar
A52: 101 | B52: Subterráneos - túneles (carretera, tren, metro, etc.)
A53: 102 | B53: Subterráneos - minas
A54: 103 | B54: Subterráneos - alcantarillas
A55: 109 | B55: Otros Tipos de lugar conocidos del grupo 100, con excepción de las obras, no mencionados anteriormente
A56: 110 | B56: En el agua - con excepción de las obras - Sin especificar
A57: 111 | B57: Mares u océanos - a bordo de todo tipo de navíos, plataformas, buques, barcos, barcazas
A58: 112 | B58: Lagos, ríos, puertos - a bordo de todo tipo de navíos, plataformas, buques, barcos, barcazas
A59: 119 | B59: Otros Tipos de lugar conocidos del grupo 110, con excepción de las obras, pero no mencionados anteriormente
A60: 120 | B60: En medio hiperbárico - con excepción de las obras - Sin especif.
A61: 121 | B61: En medio hiperbárico - bajo el agua (inmersiones, etc.)
A62: 122 | B62: En medio hiperbárico - cámara hiperbárica
... A64: 999 | B64: Otros Tipos de lugar no codificados en esta clasificación
A65: Tabla - 2: TIPO DE TRABAJO
A66: 000 | B66: Ninguna información
A67: 010 | B67: Tareas de producción, transformación, tratamiento, almacenamiento -de todo tipo - Sin especificar
A68: 011 | B68: Producción, transformación, tratamiento - de todo tipo
A69: 012 | B69: Almacenamiento - de todo tipo
A70: 019 | B70: Otros Tipos de trabajo conocidos del grupo 10 pero no mencionados anteriormente
A71: 020 | B71: Labores de movimientos de tierras, construcción, mantenimiento, demolición - Sin especificar
A72: 021 | B72: Movimiento de tierras
A73: 022 | B73: Nueva construcción - edificios
A74: 023 | B74: Nueva construcción - obras de fábrica, infraestructura, carreteras, puentes, presas, puertos
A75: 024 | B75: Renovación, reparación, agregación, mantenimiento - de todo tipo de construcciones
A76: 025 | B76: Demolición de todo tipo de construcciones
A77: 029 | B77: Otros Tipos de trabajo conocidos del grupo 20 pero no mencionados anteriormente
... A101: 099 | B101: Otros Tipos de trabajo no codificados en esta clasificación
A102: Tabla - 3: ACTIVIDAD FÍSICA ESPECÍFICA
A103: 000 | B103: Ninguna información
A104: 010 | B104: Operaciones con máquinas - Sin especificar
A105: 011 | B105: Arrancar la máquina, parar la máquina
A106: 012 | B106: Alimentar la máquina, vaciar la máquina
A107: 013 | B107: Vigilar la máquina, hacer funcionar - conducir la máquina
A108: 019 | B108: Otra actividad física específica conocida del grupo 10 pero no mencionada anteriormente
A109: 020 | B109: Trabajos con herramientas manuales - Sin especificar
A110: 021 | B110: Trabajar con herramientas manuales sin motor
A111: 022 | B111: Trabajar con herramientas manuales con motor
A112: 029 | B112: Otra actividad física específica conocida del grupo 20 pero no mencionada anteriormente
A113: 030 | B113: Conducir/estar a bordo de un medio de transporte - equipo de carga - Sin especificar
A114: 031 | B114: Conducir un medio de transporte o un equipo de carga - móvil y con motor
... A142: 099 | B142: Otra actividad física específica no codificada en esta clasificac.
A143: Tabla - 4: DESVIACIÓN
A144: 000 | B144: Ninguna información
A145: 010 | B145: Desviación por problema eléctrico, explosión, fuego - Sin especificar
A146: 011 | B146: Problema eléctrico causado por fallo en la instalación - que da lugar a un contacto indirecto
A147: 012 | B147: Problema eléctrico - que da lugar a un contacto directo
A148: 013 | B148: Explosión
A149: 014 | B149: Incendio, fuego
A150: 019 | B150: Otra desviación conocida del grupo 10 pero no mencionada anteriormente
A151: 020 | B151: Desviación por desbordamiento, vuelco, escape, derrame, vaporización, emanación - Sin especificar
A152: 021 | B152: En estado de sólido - desbordamiento, vuelco
A153: 022 | B153: En estado líquido - escape, rezumamiento, derrame, salpicadura, aspersión
A154: 023 | B154: En estado gaseoso - vaporización, formación de aerosoles, formación de gases
A155: 024 | B155: Pulverulento - emanación de humos, emisión de polvo, partículas
... A195: 099 | B195: Otra Desviación no codificada en esta clasificación.
A196: Tabla- 5: FORMA CONTACTO
A197: 000 | B197: Ninguna información
A198: 010 | B198: Contacto con corriente eléctrica, fuego, temperatura o sustancias peligrosas - Sin especificar
A199: 011 | B199: Contacto indirecto con un arco eléctrico, rayo (pasivo)
A200: 012 | B200: Contacto directo con la electricidad, recibir una descarga eléctrica en el cuerpo
A201: 013 | B201: Contacto con llamas directas u objetos o entornos - con elevada temperatura o en llamas
A202: 014 | B202: Contacto con objeto o entorno - frío o helado
A203: 015 | B203: Contacto con sustancias peligrosas - a través de la nariz, la boca, por inhalación
A204: 016 | B204: Contacto con sustancias peligrosas - sobre o a través de la piel y de los ojos
A205: 017 | B205: Contacto con sustancias peligrosas - a través del sistema digestivo: tragando o comiendo
A206: 019 | B206: Otro contacto - Tipo de lesión conocido del grupo 10 pero no mencionado anteriormente
A207: 020 | B207: Ahogamiento, quedar sepultado, quedar envuelto - Sin especificar
A208: 021 | B208: Ahogamiento en un líquido
... A246: 099 | B246: Otro contacto - Tipo de lesión no codificado en la presente clasificación
A247: Tabla - 6: PARTE DEL CUERPO LESIONADA
A248: 000 | B248: Parte del cuerpo afectada, sin especificar
A249: 010 | B249: Cabeza, no descrita con más detalle
A250: 011 | B250: Cabeza (Caput), cerebro, nervios craneanos y vasos cerebrales
A251: 012 | B251: Zona facial
A252: 013 | B252: Ojo(s)
A253: 014 | B253: Oreja(s)
A254: 015 | B254: Dientes
A255: 018 | B255: Cabeza, múltiples partes afectadas
A256: 019 | B256: Cabeza, otras partes no mencionadas anteriormente
A257: 020 | B257: Cuello, incluida la columna y las vértebras cervicales
A258: 021 | B258: Cuello, incluida la columna y las vértebras del cuello
A259: 029 | B259: Cuello, otras partes no mencionadas anteriormente
... A288: 099 | B288: Otras partes del cuerpo no mencionadas anteriormente
A289: Tabla - 7: DESCRIPCIÓN DE LA LESIÓN
A290: 0 | B290: Tipo de lesión desconocida o sin especificar | C290: 0 | E290: 000-Tipo de lesión desconocida o sin especificar | F290: 0 | G290: 16 | H290: 0 | I290: 0 | M290: 0
A291: 010 | B291: Heridas y lesiones superficiales | E291: 010-Heridas y lesiones superficiales | F291: 11 | G291: 452 | H291: 1 | I291: 0 | M291: 0
...

Sheet CNO11
A1: 1 | B1: Directores y gerentes
A2: A | B2: Directores y gerentes
A3: 11 | B3: Miembros del poder ejecutivo y de los cuerpos legislativos; directivos de la Administración Pública y organizaciones de interés social; directores ejecutivos
A4: 111 | B4: Miembros del poder ejecutivo y de los cuerpos legislativos; directivos de la Administración Pública y organizaciones de interés social
A5: 1111 | B5: Miembros del poder ejecutivo (nacional, autonómico y local) y del poder legislativo
A6: 1112 | B6: Personal directivo de la Administración Pública
A7: 1113 | B7: Directores de organizaciones de interés social
A8: 112 | B8: Directores generales y presidentes ejecutivos
A9: 1120 | B9: Directores generales y presidentes ejecutivos
A10: 12 | B10: Directores de departamentos administrativos y comerciales
A11: 121 | B11: Directores de departamentos administrativos
A12: 1211 | B12: Directores financieros
A13: 1212 | B13: Directores de recursos humanos
A14: 1219 | B14: Directores de políticas y planificación y de otros departamentos administrativos no clasificados bajo otros epígrafes
A15: 122 | B15: Directores comerciales, de publicidad, relaciones públicas y de investigación y desarrollo
A16: 1221 | B16: Directores comerciales y de ventas
A17: 1222 | B17: Directores de publicidad y relaciones públicas
A18: 1223 | B18: Directores de investigación y desarrollo
A19: 13 | B19: Directores de producción y operaciones
... A26: 1316 | B26: Directores de empresas de construcción
A27: 132 | B27: Directores de servicios de tecnologías de la información y las comunicaciones (TIC) y de empresas de servicios profesionales
A28: 1321 | B28: Directores de servicios de tecnologías de la información y las comunicaciones (TIC)
A29: 1322 | B29: Directores de servicios sociales para niños
A30: 1323 | B30: Directores-gerentes de centros sanitarios
A31: 1324 | B31: Directores de servicios sociales para personas juniores
A32: 1325 | B32: Directores de otros servicios sociales
A33: 1326 | B33: Directores de servicios de educación
A34: 1327 | B34: Directores de sucursales de bancos, de servicios financieros y de seguros
A35: 1329 | B35: Directores de otras empresas de servicios profesionales no clasificados bajo otros epígrafes
A36: 14 | B36: Directores y gerentes de empresas de alojamiento, restauración y comercio
A37: 141 | B37: Directores y gerentes de empresas de alojamiento
A38: 1411 | B38: Directores y gerentes de hoteles
A39: 1419 | B39: Directores y gerentes de otras empresas de servicios de alojamiento
... A42: 1422 | B42: Directores y gerentes de bares, cafeterías y similares
A43: 1429 | B43: Directores y gerentes de empresas de catering y otras empresas de restauración
A44: 143 | B44: Directores y gerentes de empresas de comercio al por junior y al por menor
A45: 1431 | B45: Directores y gerentes de empresas de comercio al por junior
A46: 1432 | B46: Directores y gerentes de empresas de comercio al por menor
A47: 15 | B47: Directores y gerentes de otras empresas de servicios no clasificados bajo otros epígrafes
A48: 150 | B48: Directores y gerentes de otras empresas de servicios no clasificados bajo otros epígrafes
A49: 1501 | B49: Directores y gerentes de empresas de actividades recreativas, culturales y deportivas
A50: 1509 | B50: Directores y gerentes de empresas de gestión de residuos y de otras empresas de servicios no clasificados bajo otros epígrafes
A51: 2 | B51: Técnicos y profesionales científicos e intelectuales
A52: B | B52: Técnicos y profesionales científicos e intelectuales de la salud y la enseñanza
A53: 21 | B53: Profesionales de la salud
A54: 211 | B54: Médicos
A55: 2111 | B55: Médicos de familia
A56: 2112 | B56: Otros médicos especialistas
A57: 212 | B57: Profesionales de enfermería y partería
A58: 2121 | B58: Enfermeros no especializados
A59: 2122 | B59: Enfermeros especializados (excepto matronos)
A60: 2123 | B60: Matronos
A61: 213 | B61: Veterinarios
A62: 2130 | B62: Veterinarios
A63: 214 | B63: Farmacéuticos
A64: 2140 | B64: Farmacéuticos
A65: 215 | B65: Otros profesionales de la salud
A66: 2151 | B66: Odontólogos y estomatólogos
A67: 2152 | B67: Fisioterapeutas
A68: 2153 | B68: Dietistas y nutricionistas
A69: 2154 | B69: Logopedas
A70: 2155 | B70: Ópticos-optometristas
A71: 2156 | B71: Terapeutas ocupacionales
A72: 2157 | B72: Podólogos
... A74: 2159 | B74: Profesionales de la salud no clasificados bajo otros epígrafes
A75: 22 | B75: Profesionales de la enseñanza infantil, primaria, secundaria y postsecundaria
A76: 221 | B76: Profesores de universidades y otra enseñanza superior (excepto formación profesional)
A77: 2210 | B77: Profesores de universidades y otra enseñanza superior (excepto formación profesional)
A78: 222 | B78: Profesores de formación profesional (materias específicas)
A79: 2220 | B79: Profesores de formación profesional (materias específicas)
A80: 223 | B80: Profesores de enseñanza secundaria (excepto materias específicas de formación profesional)
A81: 2230 | B81: Profesores de enseñanza secundaria (excepto materias específicas de formación profesional)
A82: 224 | B82: Profesores de enseñanza primaria
A83: 2240 | B83: Profesores de enseñanza primaria
A84: 225 | B84: Maestros y educadores de enseñanza infantil
A85: 2251 | B85: Maestros de educación infantil
A86: 2252 | B86: Técnicos en educación infantil
A87: 23 | B87: Otros profesionales de la enseñanza
A88: 231 | B88: Profesores y técnicos de educación especial
A89: 2311 | B89: Profesores de educación especial
... A99: C | B99: Otros técnicos y profesionales científicos e intelectuales
A100: 24 | B100: Profesionales de la ciencias físicas, químicas, matemáticas y de las ingenierías
A101: 241 | B101: Físicos, químicos, matemáticos y afines
A102: 2411 | B102: Físicos y astrónomos
A103: 2412 | B103: Meteorólogos
A104: 2413 | B104: Químicos
A105: 2414 | B105: Geólogos y geofísicos
A106: 2415 | B106: Matemáticos y actuarios
A107: 2416 | B107: Estadísticos
A108: 242 | B108: Profesionales en ciencias naturales
A109: 2421 | B109: Biólogos, botánicos, zoólogos y afines
A110: 2422 | B110: Ingenieros agrónomos
A111: 2423 | B111: Ingenieros de montes
... A217: 2939 | B217: Artistas creativos e interpretativos no clasificados bajo otros epígrafes
A218: 3 | B218: Técnicos; profesionales de apoyo
A219: D | B219: Técnicos; profesionales de apoyo
A220: 31 | B220: Técnicos de las ciencias y de las ingenierías
A221: 311 | B221: Delineantes y dibujantes técnicos
A222: 3110 | B222: Delineantes y dibujantes técnicos
A223: 312 | B223: Técnicos de las ciencias físicas, químicas, medioambientales y de las ingenierías
...

Sheet ATR-FN
A1: ACCIDENTES DE TRABAJO
A3: FUENTES Y NOTAS EXPLICATIVAS
A5: Fuentes de información:
A6: La información de accidentes de trabajo procede de la explotación mensual que efectúa el Servicio de Salud Laboral de los partes de accidentes de trabajo notificados a través del sistema Delt@ en nuestra comunidad autónoma.
A7: Los datos que se ofrecen son provisionales de avance de los datos que se incluirán en la publicación anual "Análisis de la siniestralidad laboral en La Rioja" que se incorporarán en su día a la página web https://www.larioja.org/salud-laboral/es/estadisticas-siniestralidad-observatorio-at-ep/publicaciones-siniestralidad-laboral
A8: Notas generales:
A9: Para los casos de accidentes de trabajo con baja, se contabilizan los casos de accidentes cuya fecha de baja está comprendida dentro del periodo de referencia. Se excluyen aquellas notificaciones de accidente que tienen la consideración de recaídas, que se tratan siempre por separado. Los datos sobre recaídas se incluyen únicamente en las publicaciones anuales de datos definitivos.
A10: Según el lugar de ocurrencia de los accidentes de trabajo, éstos pueden tener lugar durante la jornada laboral (ya sea en el propio centro donde el trabajador está afiliado a la Seguridad Social, en otro centro de trabajo o en desplazamiento) o al ir o volver del trabajo (accidentes in itinere).
A11: Según el dictamen facultativo, que figura en el parte médico de baja, los accidentes se clasifican según su gravedad en leves, graves (incluidos los muy graves) y mortales.
A12: Se consideran accidentes mortales todos los fallecimientos a consecuencia del accidente de trabajo en el plazo de un año desde la fecha del accidente, independientemente de la gravedad inicial.
A13: Las tablas de la presente publicación se dividen en los siguientes apartados:
B14: - CUADROS RESUMEN Principales datos y comparativa con los resultados obtenidos en el mismo periodo del año anterior. - ACCIDENTES DE TRABAJO CON BAJA, EN JORNADA E IN ITINERE, SEGÚN GRAVEDAD Tablas de datos desglosados por las principales variables: comunidad autónoma y provincia (para total, asalariados y trabajadores por cuenta propia); sector, sección y división de actividad económica (para total, asalariados y trabajadores por cuenta propia); sexo y edad de la víctima; grandes grupos de ocupación; tipo de lugar donde se encontraba el trabajador accidentado; actividad física específica que realizaba la víctima; desviación que desencadenó el accidente; forma o contacto que produjo la lesión; descripción de la lesión y parte del cuerpo lesionada. - ACCIDENTES DE TRABAJO CON BAJA, SEGÚN SECCIÓN DE ACTIVIDAD ECONÓMICA Tablas de datos de totales de accidentes en jornada cruzando las variables sección de actividad económica y provincia. - ÍNDICES DE INCIDENCIA DE ACCIDENTES DE TRABAJO EN JORNADA Índices de incidencia por comunidad autónoma y provincia, sector y sección de actividad económica (para total, asalariados y trabajadores por cuenta propia).
A16: Notas a distintos cuadros:
A17: ATR-R1, ATR-R2, ATR-I1, ATR-I2 y ATR-I3 (cálculo de índices de incidencia): Para el cálculo de los índices de incidencia se utiliza la siguiente fórmula:
A19: atr = Son los accidentes de trabajo ocurridos durante el periodo de referencia dividido entre el número de meses del periodo de referencia afi = Es la suma de trabajadores afiliados a la Seguridad Social con la contingencia de accidentes de trabajo específicamente cubierta, calculada con los datos de afiliación a ultimo día del mes para el periodo de referencia, dividido entre el número de meses del periodo de referencia.
A20: Para el periodo enero-diciembre no se ofrece el índice de incidencia mensual sino el índice de incidencia anual. En este caso el numerador es el número de accidentes de trabajo ocurridos durante el año, siendo el denominador la suma de los datos de afiliación a último día del mes de enero a diciembre, dividiéndose esta suma entre 12.
A21: Los trabajadores afiliados a la Seguridad Social con la contingencia de accidente de trabajo específicamente cubierta pertenecen a los siguientes regímenes de la Seguridad Social:
B22: - Régimen General de la Seguridad Social (cobertura obligatoria), incluidos los trabajadores en periodos de actividad del Sistema Especial para Trabajadores por Cuenta Ajena Agrarios y los trabajadores del Sistema Especial para Empleados de Hogar. No se contabilizan: los afiliados en periodos de inactividad del Sistema Especial para Trabajadores por Cuenta Ajena Agrarios; los funcionarios afiliados al Régimen General de la Seguridad Social afectados por la disposición adicional tercera del texto refundido de la Ley General de la Seguridad Social aprobado por el Real Decreto Legislativo 8/2015, de 30 de noviembre, debido a que la cobertura de la incapacidad temporal por contingencias profesionales de este colectivo corresponde a las mutualidades de funcionarios (MUFACE, ISFAS y MUGEJU); y los cuidadores no profesionales de personas en situación de dependencia. - Régimen Especial de la Minería del Carbón (cobertura obligatoria). - Régimen Especial de Trabajadores del Mar (cobertura obligatoria). - Régimen Especial de Trabajadores Autónomos (RETA) (cobertura obligatoria salvo excepciones): Desde el año 2019, la cobertura es obligatoria con carácter general en este régimen. No obstante, permanecen excepciones donde la cobertura siguen siendo voluntaria, que son los trabajadores incluidos en el Sistema Especial para Trabajadores por Cuenta Propia Agrarios (SETA) y los religiosos de la Iglesia Católica cuya afiliación a la Seguridad Social corresponda en el RETA.
A23: ATR-A5, ATR-A6, ATR-A7, ATR-A8, ATR-A9 y ATR-A10 (causas y circunstancias de los accidentes): Estos cuadros clasifican la información según las variables sobre causas y circunstancias que ocurrieron en el accidente de trabajo. La inclusión de estas variables de causas y circunstancias responde, por una parte, a la necesidad de conocer cómo se producen los accidentes y, por otra, a las necesidades de armonización de las estadísticas en el ámbito de la Unión Europea establecidas por la Oficina Estadística de la UE (EUROSTAT) y a las recomendaciones de la OIT. Los códigos utilizados son los establecidos por dicha Oficina. Estas variables son las siguientes:
B24: - Tipo de lugar (ATR-A5): Entorno general o del local de trabajo en el que se encontraba el trabajador inmediatamente antes de producirse el accidente. - Actividad física específica (ATR-A6): Actividad concreta que realizaba la víctima inmediatamente antes de producirse el accidente. Por ejemplo, desplazamiento por la obra, manipular un objeto, etc. - Desviación (ATR-A7): Suceso o hecho anormal que ha interferido negativamente en el proceso normal de ejecución del trabajo y que ha dado lugar a que se produzca el accidente. Por ejemplo, desprendimiento o caída de objetos, bloqueo de una máquina, caída de herramienta manual de corte, etc. - Forma o contacto que ocasionó la lesión (ATR-A8): Modo en que el trabajador ha resultado lesionado. Por ejemplo, caídas, contacto con herramienta manual cortante, etc. Se han incluido los accidentes de tráfico como un epígrafe más de la clasificación, dadas las especiales características de estos accidentes. - Descripción de la lesión (ATR-A9): Tipo de lesión sufrida por el accidentado, según conste en el parte médico de baja. - Parte del cuerpo lesionada (ATR-A10): Parte del cuerpo afectada por la lesión sufrida por la víctima.
A26: Clasificaciones estadísticas de actividad económica y ocupación utilizadas:
B27: - CLASIFICACIÓN NACIONAL DE ACTIVIDADES ECONÓMICAS (CNAE-2009): Vigente desde 1 de enero de 2009, según establece el Real Decreto 475/2007, de 13 de abril. - CLASIFICACIÓN NACIONAL DE OCUPACIONES (CNO-2011): Vigente desde 1 de enero de 2011, según establece el Real Decreto 1591/2010, de 26 de noviembre.
B28: Puede obtener información acerca de estas clasificaciones en la página web del Instituto Nacional de Estadística (www.ine.es)
